 Dungeon Crawl Stone Soup version 0.31-a0-700-gf13585253f (webtiles) character file.

Game seed: 9098818466692292666

372926 qw the Slayer (level 22, -26/166 HPs)
             Began as a Gargoyle Hunter on Sept 7, 2023.
             Was a High Priest of Okawaru.
             Killed from afar by a living spell (48 damage)
             ... with a crystal spear
             ... summoned by a walking crystal tome
             ... on level 3 of the Depths.
             The game lasted 00:29:42 (39191 turns).

qw the Slayer (Gargoyle Hunter)                    Turns: 39191, Time: 00:29:43

Health: -26/166    AC: 35    Str: 16    XL:     22   Next: 71%
Magic:  29/29      EV: 39    Int: 12    God:    Okawaru [*****.]
Gold:   109        SH:  5    Dex: 24    Spells: 21/21 levels left

rFire   + . .        j - +8 longbow "Zephyr" {speed, Dex+3 SInv}
rCold   + + .        (shield currently unavailable)
rNeg    + . .        t - +2 robe {rC+ rF+}
rPois   inf          C - +1 helmet
rElec   +            k - scarf {rC+ rF+}
rCorr   .            d - +2 pair of gloves
SInv    +            G - +1 pair of boots of Supple Strength {rElec rF- Will+++ Stlth+}
Will    ++++.        H - amulet of reflection
Stlth   +++++        b - +5 ring of evasion
HPRegen 0.47/turn    l - +4 ring of protection
MPRegen 0.21/turn

%: reflection
@: about to teleport, heroic, flying
A: sickness immunity, AC +16, big wings, negative energy resistance 1,
electricity resistance, torment resistance 1, petrification resistance
}: 2/15 runes: barnacled, gossamer
a: Renounce Religion, Heroism, Finesse, Duel


You were on level 3 of the Depths.
You worshipped Okawaru.
Okawaru was extremely pleased with you.
You visited 8 branches of the dungeon, and saw 38 of its levels.
You also visited: Gauntlet.

You collected 3183 gold pieces.
You spent 3074 gold pieces at shops.


Innate Abilities, Weirdness & Mutations

You are immune to sickness and miasma.
Your stone body is resilient. (AC +16)
You are immune to poison.
Your large and strong wings let you fly.
You resist negative energy. (rN+)
You are resistant to electric shocks. (rElec)
You are resistant to unholy torment.
You are immune to petrification.


   Skills:
 + Level 26.0(27) Fighting
 - Level 20.0(25.0) Ranged Weapons
 - Level 11.0(16.0) Armour
 - Level 19.0(24.0) Dodging
 - Level 1.1(6.1) Stealth
 - Level 10.0 Invocations


You had 21 spell levels left.
You didn't know any spells.
Your spell library was empty.

Inventory:

Hand Weapons
 j - the +8 longbow "Zephyr" (weapon) {speed, Dex+3 SInv}
   (You found it on level 2 of the Dungeon)

   Dex+3:     It affects your dexterity (+3).
   SInv:      It lets you see invisible.
Armour
 a - a +2 pair of boots
 d - a +2 pair of gloves (worn)
 k - a scarf of resistance (worn)
 q - a +0 troll leather armour
 t - a +2 robe of resistance (worn)
 u - a +1 cloak of willpower
 v - a +1 ring mail of fire resistance
 w - a +1 helmet of see invisible
 x - the quicksilver dragon scales of the Stone Wall {Harm Rampage Will+}
   (You found it in a Gauntlet)

   Will+:     It increases your willpower.
   Harm:      It increases damage dealt and taken.
   Rampage:   It bestows one free step when moving towards enemies.
 C - a +1 helmet (worn)
 D - the +2 helmet of Fanu Rats {Harm rC+ rN+}
   (You bought it in a shop on level 2 of the Orcish Mines)

   rC+:       It protects you from cold.
   rN+:       It protects you from negative energy.
   Harm:      It increases damage dealt and taken.
 E - the +2 cloak "Ynuucus" {Int+3 SInv}
   (Okawaru gifted it to you on level 2 of the Vaults)

   Int+3:     It affects your intelligence (+3).
   SInv:      It lets you see invisible.
 F - a +2 leather armour of cold resistance
 G - the +1 pair of boots of Supple Strength (worn) {rElec rF- Will+++ Stlth+}
   (Okawaru gifted it to you on level 3 of the Vaults)

   rF-:       It makes you vulnerable to fire.
   rElec:     It insulates you from electricity.
   Will+++:   It greatly increases your willpower.
   Stlth+:    It makes you more stealthy.
 I - a +0 ring mail of fire resistance
Jewellery
 b - a +5 ring of evasion (left hand)
 c - a ring of fire
 l - a +4 ring of protection (right hand)
 z - a ring of protection from fire
 H - an amulet of reflection (around neck)
Wands
 y - a wand of digging (2)
Scrolls
 g - 10 scrolls of identify
 p - 11 scrolls of teleportation
 s - a scroll of brand weapon
 A - 5 scrolls of enchant weapon
Potions
 e - 3 potions of cancellation
 f - 7 potions of haste
 h - 4 potions of heal wounds
 i - a potion of resistance
 m - 5 potions of magic
 n - 9 potions of enlightenment
 o - 10 potions of curing
 r - 4 potions of mutation
 B - 2 potions of might

Dungeon Overview and Level Annotations

Branches:
Dungeon (15/15)            Temple (1/1) D:7            Lair (5/5) D:10
 Shoals (4/4) Lair:3       Spider (4/4) Lair:2        Slime (0/5) Lair:4
    Orc (2/2) D:9             Elf (0/3) Orc:2        Vaults (4/5) D:14
  Crypt (0/3) Vaults:3     Depths (3/4) D:15        Gauntlet (visited)

Altars:
Ashenzari
Cheibriados
Dithmenos
Elyvilon
Fedhas
Gozag
Hepliaklqana
Kikubaaqudgha
Makhleb
Nemelex Xobeh
Okawaru
Qazlal
Ru
Sif Muna
Trog
Uskayaw
Vehumet
Wu Jian
Xom
Yredelemnul
Zin
The Shining One

Shops:
D:14 :   Orc:2 (=*[:   Shoals:3 [   Shoals:4 *   Vaults:1 (   Vaults:2 =[*
Depths:3 *?![

Portals:
Hell: Depths:1 Depths:2 Depths:3
Abyss: Depths:1 Depths:2 Depths:3
Pandemonium: Depths:2
Ziggurat: Depths:2

Annotations:
Lair:2 exclusions: 2 basilisks, black bear and 3 electric eels
Lair:4 1 runed translucent door
Vaults:4 3 runed translucent doors, Angmar's ghost, veteran DrAE
Depths:2 exclusion: 2 daevas


Message History

The deep troll earth mage points at you and mumbles some strange words.
You shatter!!
Enter note:
Enter note:
Enter note:
Enter note:
Enter note:
Enter note:
39188 |||
Found retreat position at 2,-2 (floor) with 0 blocking monsters and 1 monsters attacking at destination at distance 2
39188 ||| READING 12 scrolls of teleportation.
As you read the scroll of teleportation, it crumbles to dust.
You feel strangely unstable.
The walking crystal tome erupts in a flurry of living spells!
39189 |||
Found retreat position at 2,-2 (floor) with 0 blocking monsters and 1 monsters attacking at destination at distance 2
39189 ||| DRINKING 7 potions of heal wounds.
You feel much better.
The walking crystal tome erupts in a flurry of living spells!
The deep troll earth mage completely misses you.
You block the deep troll earth mage's attack.
The deep troll earth mage completely misses you.
39190 |||
Found retreat position at 2,-2 (floor) with 0 blocking monsters and 1 monsters attacking at destination at distance 2
39190 ||| DRINKING 6 potions of heal wounds.
You feel much better.
The deep troll earth mage bites you but does no damage.
The deep troll earth mage completely misses you. x2
The living spell casts itself at you. The crystal spear hits you!!!
The deep troll earth mage completely misses you.
The deep troll earth mage closely misses you.
The deep troll earth mage completely misses you.
39191 |||
Found retreat position at 2,-2 (floor) with 0 blocking monsters and 1 monsters attacking at destination at distance 2
39191 ||| DRINKING 5 potions of heal wounds.
You feel much better.
The deep troll earth mage barely misses you.
The deep troll earth mage completely misses you.
The deep troll earth mage barely misses you.
The walking crystal tome erupts in a flurry of living spells!
The living spell casts itself at you. The crystal spear hits you!!!
You die...

.........#####.#.# #.......##....
.##.%#.'######.#.# #.#####.##....
...#.............# #.#####....#..
....#....###.#.### #....###.####.
.....#....#.##.#####.##.###.# ##
\...........................# #
..8....#.........#.#.#####..#
.............###..#..#####..#
#..\[.[........T@...........#
.......##.....#;T*#..#####.##
..8....###....*T*.....# #!#
\.....## ##.....*##'######'######
.....### ##.....#..............#
..).##.# ##...[#..............#
...##..########.................#
.####.........##................#
.# ##.######.##.#..............#


You could see a walking crystal tome, an iron troll, 2 deep troll earth magi and
4 living crystal spells.

Vanquished Creatures
  Mara (Spider:3)
  Saint Roka (Orc:2)
  4 caustic shrikes (Depths:3)
  Jorgrun (Shoals:3)
  Arachne (Spider:3)
  3 tentacled monstrosities
  2 titans (Depths:2)
  2 sphinxes
  2 tengu reavers
  Polyphemus (Shoals:3)
  Kirke (Spider:3)
  Aizul (Shoals:3)
  7 frost giants
  Ilsuiw (Shoals:3)
  5 fire giants
  5 ghost moths
  12 vault wardens
  8 emperor scorpions
  A deep elf sorcerer (Vaults:2)
  An orc warlord (Vaults:4)
  13 ironbound preservers
  4 spriggan defenders
  4 formless jellyfish
  8 ironbound thunderhulks
  An elemental wellspring (Shoals:1)
  2 broodmothers
  13 stone giants
  16 very ugly things
  2 vampire knights
  11 dire elephants
  Azrael (Spider:2)
  5 spark wasps
  A minotaur (Gauntlet)
  6 ettins
  4 crystal guardians
  12 yaktaur captains
  11 merfolk impalers
  Josephine (D:10)
  2 jiangshi (Depths:3)
  5 merfolk javelineers
  3 fire dragons
  8 great orbs of eyes
  8 entropy weavers
  Fannar (D:10)
  2 rakshasas
  3 ice dragons
  6 merfolk avatars
  5 spriggan air magi
  2 ogre magi (D:15)
  5 hydras
  9 vault guards
  21 centaur warriors
  3 radroaches
  2 catoblepae
  2 peacekeepers
  9 ironbound frosthearts
  Erica (Lair:2)
  4 jorogumos
  A juggernaut simulacrum (Depths:1)
  A satyr (Shoals:4)
  4 alligator snapping turtles
  7 merfolk aquamancers
  A vampire mage (Depths:3)
  5 boulder beetles
  3 death yaks (Shoals:3)
  13 two-headed ogres
  2 deep troll shamans
  11 deep troll earth magi
  4 tengu warriors
  An orc high priest (Orc:2)
  Urug (Orc:2)
  8 demonic crawlers
  3 spriggan berserkers
  2 hell knights
  2 soul eaters (Depths:1)
  3 spriggans
  A sun demon (Depths:1)
  16 skeletal warriors
  8 skysharks
  Amaemon (Lair:3)
  5 pharaoh ants
  A storm dragon skeleton (Vaults:3)
  6 iron trolls
  A flayed ghost (Depths:2)
  3 glowing orange brains
  43 deep trolls
  10 orb spiders
  A tengu zombie (Depths:1)
  13 sea snakes
  A phantasmal warrior (Vaults:4)
  Pikel (D:5)
  6 steelbarb worms
  11 wizards
  2 lindwurms
  13 harpies
  5 deep elf pyromancers
  10 orc knights
  11 ironbound convokers
  2 necromancers
  2 orc sorcerers (Orc:2)
  An oklob plant (Lair:4)
  11 manticores
  31 ugly things
  15 wolf spiders
  7 fauns
  A shadow dragon skeleton (Vaults:3)
  A human zombie (Vaults:4)
  7 elephants (Lair:5)
  2 moths of wrath
  8 cyclopes
  7 merfolk sirens
  A stone giant skeleton (Vaults:3)
  A frost giant skeleton (Vaults:3)
  Joseph (D:10)
  24 vault sentinels
  6 black mambas
  3 gargoyles
  20 cane toads
  4 water nymphs
  An orange demon (Lair:3)
  3 unseen horrors (Depths:2)
  8 rime drakes
  5 torpor snails
  A spark wasp simulacrum (Depths:1)
  2 tengu conjurers (Depths:1)
  11 komodo dragons
  27 yaktaurs
  A red devil (Depths:2)
  8 trolls
  6 yaktaur skeletons
  6 meliai
  A queen bee (shapeshifter) (D:15)
  5 wind drakes
  34 merfolk
  3 polar bears
  23 tarantellas
  6 hornets
  5 blink frogs
  5 dream sheep
  21 slime creatures
  21 jumping spiders
  11 snapping turtles
  17 culicivoras
  Sigmund (D:5)
  A vampire (D:12)
  2 elf skeletons (Vaults:3)
  59 yaks
  18 water elementals
  2 hogs (Spider:3)
  7 wraiths
  Eustachio (D:5)
  11 wyverns
  A ynoxinul (Gauntlet)
  2 fire elementals (Spider:2)
  3 humans (Spider:3)
  8 basilisks
  5 chaos spawn (Depths:2)
  A yaktaur simulacrum (Vaults:4)
  2 steam dragons
  62 redbacks
  11 vampire mosquitoes
  3 large abominations (Depths:2)
  A warg (Orc:1)
  An acid dragon (D:8)
  14 water moccasins
  6 hell hounds (Spider:2)
  Duvessa (D:4)
  A floating eye (Depths:1)
  2 glowing shapeshifter skeletons
  28 orc warriors
  An ice beast (D:6)
  6 black bears
  7 boggarts
  A human skeleton (Vaults:3)
  7 wolves
  11 ogres
  21 centaurs
  4 lemures (D:5)
  2 phantoms
  2 kobold brigands
  2 scorpions
  8 bullfrogs
  A gnoll sergeant (D:9)
  4 wights (D:9)
  Dowan (D:4)
  4 small abominations (Depths:2)
  3 howler monkeys
  A jelly (D:7)
  3 hounds
  14 orc priests
  4 iron imps (Gauntlet)
  A sleepcap (D:5)
  A gnoll bouda (D:10)
  9 iguanas
  Natasha (thrice) (D:4)
  22 orc wizards
  11 hell rats
  Robin (D:4)
  6 adders
  9 gnolls
  A white imp (D:5)
  2 worms
  2 dart slugs
  63 orcs
  2 bats
  6 endoplasms
  5 giant cockroaches
  12 goblins
  9 hobgoblins
  3 jackals (D:2)
  21 kobolds
  4 quokkas
  7 ball pythons
  8 frilled lizards
  3 rats
1475 creatures vanquished.

Notes
Turn   | Place    | Note
-------+----------+-------------------------------------------
     0 | D:1      | qw the Gargoyle Hunter began the quest for the Orb.
     0 | D:1      | Reached XP level 1. HP: 12/12 MP: 1/1
     0 | D:1      | 0 ||| qw: Version: 0.3-a-76-g4403597
     0 | D:1      | 0 ||| qw: Game counter: 638
     0 | D:1      | 0 ||| qw: Melee chars always use a shield: true
     0 | D:1      | 0 ||| qw: God list: Okawaru
     0 | D:1      | 0 ||| qw: Allow faded altars: false
     0 | D:1      | 0 ||| qw: Do Orc after clearing Dungeon:15 true
     0 | D:1      | 0 ||| qw: Do second Lair branch before Depths: true
     0 | D:1      | 0 ||| qw: Lair rune preference: random
     0 | D:1      | 0 ||| qw: Goals: Normal
     0 | D:1      | 0 ||| PLANNING D:1-11
   217 | D:1      | Reached XP level 2. HP: 17/17 MP: 2/2
   859 | D:1      | 859 ||| UPGRADING to +0 ring mail.
   869 | D:1      | 869 ||| DROPPING +0 leather armour.
   870 | D:1      | 870 ||| UPGRADING to amulet of the acrobat.
   875 | D:1      | 875 ||| READING scroll labelled FUSEEH OFEAF.
   876 | D:1      | 876 ||| READING scroll labelled JIOSOEBBET.
   877 | D:1      | 877 ||| READING scroll labelled PIODWAT XUONA.
   878 | D:1      | 878 ||| DRINKING 2 yellow potions.
   879 | D:1      | 879 ||| DROPPING scroll of butterflies.
   951 | D:2      | Reached XP level 3. HP: 19/21 MP: 3/3
  1183 | D:2      | Reached skill level 1 in Armour
  1449 | D:2      | Found the +8 longbow "Zephyr" {speed, Dex+3 SInv}
  1458 | D:2      | 1458 ||| SWAPPING to +8 longbow "Zephyr" {speed, Dex+3
                  | SInv}.
  1459 | D:2      | 1459 ||| DROPPING +0 shortbow.
  1875 | D:2      | 1875 ||| UPGRADING to +0 cloak.
  1880 | D:2      | 1880 ||| READING scroll of enchant armour.
  1880 | D:2      | 1880 ||| ENCHANTING +0 cloak.
  1881 | D:2      | 1881 ||| UPGRADING to +5 ring of evasion.
  1882 | D:2      | 1882 ||| READING scroll labelled MEEVVU EKHLU.
  1883 | D:2      | 1883 ||| READING scroll labelled LUTENW LOESSAO.
  2144 | D:3      | Reached skill level 3 in Fighting
  2144 | D:3      | Reached XP level 4. HP: 28/28 MP: 4/4
  2534 | D:3      | 2534 ||| UPGRADING to +0 pair of gloves.
  2539 | D:3      | 2539 ||| UPGRADING to +4 ring of protection.
  2540 | D:3      | 2540 ||| READING 2 scrolls labelled ROIVOC IDAI.
  2544 | D:3      | 2544 ||| READING 4 scrolls of identify.
  2544 | D:3      | 2544 ||| IDENTIFYING ruby potion
  2545 | D:3      | 2545 ||| READING 3 scrolls of identify.
  2545 | D:3      | 2545 ||| IDENTIFYING bubbling white potion
  2546 | D:3      | 2546 ||| READING 2 scrolls of identify.
  2546 | D:3      | 2546 ||| IDENTIFYING metallic inky potion
  2547 | D:3      | 2547 ||| DROPPING potion of brilliance.
  2612 | D:4      | Noticed Duvessa
  2618 | D:4      | Killed Duvessa
  2618 | D:4      | Noticed Dowan
  2619 | D:4      | Reached skill level 6 in Ranged Weapons
  2619 | D:4      | Reached XP level 5. HP: 32/32 MP: 5/5
  2628 | D:4      | Noticed a phantom
  2629 | D:4      | 2629 ||| Stepping ~*~*~tactically~*~*~ (retreating).
  2630 | D:4      | 2630 ||| Stepping ~*~*~tactically~*~*~ (retreating).
  2631 | D:4      | 2631 ||| Stepping ~*~*~tactically~*~*~ (retreating).
  2632 | D:4      | Killed Dowan
  2634 | D:4      | 2634 ||| FLEEEEING.
  2703 | D:4      | Killed a phantom
  2704 | D:4      | Reached skill level 4 in Fighting
  2704 | D:4      | Reached XP level 6. HP: 39/39 MP: 6/6
  2783 | D:4      | Noticed a black bear
  2799 | D:4      | Killed a black bear
  2800 | D:4      | Reached XP level 7. HP: 32/44 MP: 7/7
  2970 | D:4      | Noticed Robin
  2972 | D:4      | Killed Robin
  3024 | D:4      | Found a sparkling altar of Nemelex Xobeh.
  3024 | D:4      | Found a radiant altar of Vehumet.
  3380 | D:4      | Noticed Natasha
  3381 | D:4      | Killed Natasha
  3554 | D:4      | Noticed Natasha
  3556 | D:4      | Killed Natasha
  3562 | D:4      | 3562 ||| UPGRADING to +0 helmet.
  3577 | D:4      | Noticed Natasha
  3580 | D:4      | Killed Natasha
  3596 | D:5      | Entered Level 5 of the Dungeon
  3596 | D:5      | Found a shadowy altar of Dithmenos.
  3603 | D:5      | Noticed Eustachio
  3604 | D:5      | 3604 ||| RETREATING.
  3612 | D:5      | 3612 ||| RETREATING.
  3624 | D:5      | Killed Eustachio
  3672 | D:5      | Reached skill level 5 in Fighting
  3672 | D:5      | Reached XP level 8. HP: 49/49 MP: 8/8
  3672 | D:5      | 3672 ||| READING scroll labelled WEANWU URUIJEIDDI.
  3673 | D:5      | 3673 ||| READING scroll labelled VETIHY RURANK.
  3742 | D:5      | Reached skill level 9 in Ranged Weapons
  3745 | D:5      | Reached skill level 3 in Armour
  3839 | D:5      | Noticed Sigmund
  3844 | D:5      | Killed Sigmund
  3845 | D:5      | Reached skill level 6 in Fighting
  3865 | D:5      | 3865 ||| Stepping ~*~*~tactically~*~*~ (retreating).
  3866 | D:5      | 3866 ||| Stepping ~*~*~tactically~*~*~ (retreating).
  3874 | D:5      | 3874 ||| Stepping ~*~*~tactically~*~*~ (retreating).
  3883 | D:5      | Noticed Pikel
  3891 | D:5      | Killed Pikel
  3892 | D:5      | Reached XP level 9. HP: 54/56 MP: 9/9
  3949 | D:5      | Found a shimmering altar of Xom.
  3968 | D:5      | Found a broken altar of Ashenzari.
  4073 | D:5      | Reached skill level 3 in Dodging
  4280 | D:5      | 4280 ||| READING scroll labelled GIELONINYV.
  4310 | D:6      | Reached skill level 7 in Fighting
  4506 | D:6      | Noticed a cyclops
  4513 | D:6      | Killed a cyclops
  4763 | D:6      | Found a shimmering blue altar of Sif Muna.
  4977 | D:6      | 4977 ||| UPGRADING to +0 steam dragon scales.
  4987 | D:6      | 4987 ||| DROPPING +0 ring mail.
  4988 | D:6      | 4988 ||| DROPPING ring of willpower.
  4989 | D:6      | 4989 ||| DRINKING 2 metallic grey potions.
  4990 | D:6      | 4990 ||| READING 2 scrolls of identify.
  4990 | D:6      | 4990 ||| IDENTIFYING viscous cyan potion
  4991 | D:6      | 4991 ||| DROPPING potion of lignification.
  5104 | D:7      | Found a glowing golden altar of the Shining One.
  5116 | D:7      | Reached XP level 10. HP: 63/63 MP: 10/10
  5119 | D:7      | Identified the +1 hand axe "Degan" {freeze, rElec Int+3
                  | Dex+4}
  5188 | D:7      | Found a staircase to the Ecumenical Temple.
  5189 | D:7      | 5189 ||| PLANNING TEMPLE
  5198 | D:7      | Reached skill level 8 in Fighting
  5203 | Temple   | Entered the Ecumenical Temple
  5204 | Temple   | 5204 ||| PLANNING OKAWARU WORSHIP
  5212 | Temple   | Became a worshipper of Warmaster Okawaru
  5213 | Temple   | 5213 ||| PLANNING D:1-11
  5278 | D:7      | 5278 ||| READING scroll of enchant armour.
  5278 | D:7      | 5278 ||| ENCHANTING +0 steam dragon scales.
  5433 | D:7      | 5433 ||| DROPPING ring of see invisible.
  5434 | D:7      | 5434 ||| DRINKING 2 smoky coppery potions.
  5435 | D:7      | 5435 ||| DROPPING potion of attraction.
  5442 | D:8      | 5442 ||| STAIRDANCE
  5767 | D:8      | Found a bloodstained altar of Trog.
  5870 | D:8      | Reached skill level 12 in Ranged Weapons
  6185 | D:8      | 6185 ||| DRINKING 2 purple potions.
  6186 | D:8      | 6186 ||| READING 2 scrolls of identify.
  6186 | D:8      | 6186 ||| IDENTIFYING white potion
  6187 | D:8      | 6187 ||| DROPPING potion of invisibility.
  6269 | D:9      | Noticed a white ugly thing
  6279 | D:9      | Killed a white ugly thing
  6279 | D:9      | Reached * piety under Okawaru
  6287 | D:9      | 6287 ||| Stepping ~*~*~tactically~*~*~ (outnumbered).
  6291 | D:9      | 6291 ||| INVOKING Heroism.
  6301 | D:9      | Reached skill level 1 in Invocations
  6605 | D:9      | 6605 ||| RETREATING.
  6609 | D:9      | 6609 ||| FLEEEEING.
  6610 | D:9      | 6610 ||| FLEEEEING.
  6611 | D:9      | 6611 ||| FLEEEEING.
  6612 | D:9      | 6612 ||| FLEEEEING.
  6613 | D:9      | 6613 ||| RETREATING.
  6614 | D:9      | 6614 ||| Stepping ~*~*~tactically~*~*~ (retreating).
  6615 | D:9      | 6615 ||| Stepping ~*~*~tactically~*~*~ (retreating).
  6616 | D:9      | 6616 ||| Stepping ~*~*~tactically~*~*~ (retreating).
  6617 | D:9      | 6617 ||| Stepping ~*~*~tactically~*~*~ (retreating).
  6618 | D:9      | 6618 ||| Stepping ~*~*~tactically~*~*~ (retreating).
  6619 | D:9      | 6619 ||| Stepping ~*~*~tactically~*~*~ (retreating).
  6620 | D:9      | 6620 ||| Stepping ~*~*~tactically~*~*~ (retreating).
  6621 | D:9      | 6621 ||| Stepping ~*~*~tactically~*~*~ (retreating).
  6622 | D:9      | 6622 ||| Stepping ~*~*~tactically~*~*~ (retreating).
  6628 | D:9      | Reached skill level 3 in Invocations
  6633 | D:9      | Reached ** piety under Okawaru
  6722 | D:9      | 6722 ||| INVOKING Heroism.
  6751 | D:9      | Found a staircase to the Orcish Mines.
  6819 | D:9      | 6819 ||| RETREATING.
  6830 | D:9      | Reached XP level 11. HP: 69/69 MP: 14/14
  6833 | D:9      | Reached skill level 9 in Fighting
  6838 | D:9      | 6838 ||| INVOKING Heroism.
  6891 | D:9      | 6891 ||| RETREATING.
  7107 | D:9      | Found a burning altar of Makhleb.
  7329 | D:10     | Entered Level 10 of the Dungeon
  7391 | D:10     | Reached *** piety under Okawaru
  7399 | D:10     | 7399 ||| RETREATING.
  7416 | D:10     | Found a staircase to the Lair.
  7426 | D:10     | Noticed Fannar
  7427 | D:10     | 7427 ||| RETREATING.
  7428 | D:10     | 7428 ||| Stepping ~*~*~tactically~*~*~ (retreating).
  7429 | D:10     | 7429 ||| Stepping ~*~*~tactically~*~*~ (retreating).
  7430 | D:10     | 7430 ||| Stepping ~*~*~tactically~*~*~ (retreating).
  7431 | D:10     | 7431 ||| Stepping ~*~*~tactically~*~*~ (retreating).
  7432 | D:10     | 7432 ||| Stepping ~*~*~tactically~*~*~ (retreating).
  7433 | D:10     | 7433 ||| Stepping ~*~*~tactically~*~*~ (retreating).
  7434 | D:10     | 7434 ||| Stepping ~*~*~tactically~*~*~ (retreating).
  7460 | D:10     | Killed Fannar
  7467 | D:10     | 7467 ||| FLEEEEING.
  7468 | D:10     | 7468 ||| FLEEEEING.
  7474 | D:10     | 7474 ||| STAIRDANCE
  7511 | D:9      | 7511 ||| READING 2 scrolls of identify.
  7511 | D:9      | 7511 ||| IDENTIFYING bubbling sapphire potion
  7542 | D:10     | 7542 ||| RETREATING.
  7555 | D:10     | Reached **** piety under Okawaru
  7604 | D:10     | Noticed Josephine
  7612 | D:10     | 7612 ||| Stepping ~*~*~tactically~*~*~ (retreating).
  7613 | D:10     | 7613 ||| Stepping ~*~*~tactically~*~*~ (retreating).
  7622 | D:10     | Killed Josephine
  7631 | D:10     | Reached ***** piety under Okawaru
  7637 | D:10     | Reached skill level 10 in Fighting
  7637 | D:10     | Reached skill level 6 in Invocations
  7792 | D:10     | Reached XP level 12. HP: 77/77 MP: 16/16
  7860 | D:10     | 7860 ||| Stepping ~*~*~tactically~*~*~ (outnumbered).
  7919 | D:10     | Noticed Joseph
  7923 | D:10     | 7923 ||| FLEEEEING.
  7927 | D:10     | Killed Joseph
  8003 | D:10     | 8003 ||| RETREATING.
  8140 | D:10     | 8140 ||| PLANNING LAIR
  8140 | D:10     | 8140 ||| UPGRADING to +1 robe of resistance.
  8150 | D:10     | 8150 ||| READING scroll labelled TABROA YTYS.
  8151 | D:10     | 8151 ||| READING 3 scrolls of identify.
  8151 | D:10     | 8151 ||| IDENTIFYING bubbling blue potion
  8152 | D:10     | 8152 ||| READING 2 scrolls of identify.
  8152 | D:10     | 8152 ||| IDENTIFYING smoky green potion
  8153 | D:10     | 8153 ||| DROPPING potion of berserk rage.
  8206 | D:10     | 8206 ||| DROPPING +1 steam dragon scales.
  8210 | Lair:1   | Entered Level 1 of the Lair of Beasts
  8211 | Lair:1   | 8211 ||| INVOKING Heroism.
  8270 | Lair:1   | 8270 ||| RETREATING.
  8272 | Lair:1   | 8272 ||| Stepping ~*~*~tactically~*~*~ (retreating).
  8273 | Lair:1   | 8273 ||| Stepping ~*~*~tactically~*~*~ (retreating).
  8274 | Lair:1   | 8274 ||| Stepping ~*~*~tactically~*~*~ (retreating).
  8275 | Lair:1   | 8275 ||| Stepping ~*~*~tactically~*~*~ (retreating).
  8298 | Lair:1   | 8298 ||| Stepping ~*~*~tactically~*~*~ (retreating).
  8305 | Lair:1   | 8305 ||| FLEEEEING.
  8306 | Lair:1   | 8306 ||| FLEEEEING.
  8307 | Lair:1   | 8307 ||| FLEEEEING.
  8308 | Lair:1   | 8308 ||| FLEEEEING.
  8330 | Lair:1   | Found a frozen archway.
  8409 | Lair:1   | 8409 ||| INVOKING Heroism.
  8505 | Lair:1   | 8505 ||| INVOKING Heroism.
  8658 | Lair:1   | 8658 ||| DRINKING 2 smoky blue potions.
  8659 | Lair:1   | 8659 ||| READING 2 scrolls of identify.
  8659 | Lair:1   | 8659 ||| IDENTIFYING fuming orange potion
  8660 | Lair:1   | 8660 ||| DROPPING potion of ambrosia.
  8661 | Lair:1   | 8661 ||| DROPPING potion of degeneration.
  8681 | Lair:2   | 8681 ||| PLANNING GAUNTLET
  8694 | Lair:2   | 8694 ||| INVOKING Heroism.
  8696 | Lair:2   | 8696 ||| RETREATING.
  8700 | Lair:2   | Reached skill level 15 in Ranged Weapons
  8704 | Lair:2   | Received a gift from Okawaru
  8734 | Lair:2   | 8734 ||| RETREATING.
  8757 | Lair:2   | Reached skill level 9 in Invocations
  8764 | Lair:2   | Received a gift from Okawaru
  8865 | Lair:2   | 8865 ||| INVOKING Heroism.
  8892 | Lair:2   | Found a hole to the Spider Nest.
  8992 | Lair:2   | Found a gate leading to a gauntlet.
  9004 | Gauntlet | Entered a Gauntlet
  9004 | Gauntlet | Found a transporter.
  9004 | Gauntlet | Found a transporter.
  9022 | Gauntlet | Found a transporter.
  9025 | Gauntlet | Found a transporter.
  9026 | Gauntlet | Found a transporter.
  9026 | Gauntlet | Found a transporter.
  9054 | Gauntlet | Found a transporter.
  9058 | Gauntlet | Found a transporter.
  9061 | Gauntlet | Noticed a large abomination
  9067 | Gauntlet | Found a transporter.
  9082 | Gauntlet | Found a transporter.
  9096 | Gauntlet | Found a transporter.
  9100 | Gauntlet | Found a transporter.
  9181 | Gauntlet | 9181 ||| UPGRADING to +1 cloak of willpower.
  9191 | Gauntlet | 9191 ||| DROPPING +1 cloak.
  9192 | Gauntlet | 9192 ||| READING scroll labelled MUEDOKH ETSO.
  9294 | Gauntlet | Noticed a minotaur
  9295 | Gauntlet | 9295 ||| INVOKING Heroism.
  9296 | Gauntlet | 9296 ||| INVOKING Finesse.
  9311 | Gauntlet | Killed a minotaur
  9312 | Gauntlet | Reached skill level 6 in Dodging
  9459 | Gauntlet | Identified the quicksilver dragon scales of the Stone Wall
                  | {Harm Rampage Will+}
  9464 | Gauntlet | 9464 ||| DROPPING +2 robe of willpower.
  9465 | Gauntlet | 9465 ||| DROPPING +0 cloak of willpower.
  9466 | Gauntlet | 9466 ||| UPGRADING to amulet of regeneration.
  9476 | Gauntlet | 9476 ||| DROPPING amulet of the acrobat.
  9480 | Lair:2   | 9480 ||| PLANNING LAIR
  9495 | Lair:2   | Noticed an eight-headed hydra
  9496 | Lair:2   | 9496 ||| INVOKING Heroism.
  9500 | Lair:2   | Killed an eight-headed hydra
  9500 | Lair:2   | Received a gift from Okawaru
  9501 | Lair:2   | Reached XP level 13. HP: 82/82 MP: 17/20
  9549 | Lair:2   | 9549 ||| INVOKING Heroism.
  9601 | Lair:2   | 9601 ||| RETREATING.
  9676 | Lair:2   | 9676 ||| INVOKING Heroism.
  9776 | Lair:2   | Noticed Erica
  9777 | Lair:2   | 9777 ||| INVOKING Heroism.
  9778 | Lair:2   | 9778 ||| INVOKING Finesse.
  9789 | Lair:2   | Killed Erica
 10120 | Lair:2   | 10120 ||| Stepping ~*~*~tactically~*~*~ (outnumbered).
 10122 | Lair:2   | 10122 ||| FLEEEEING.
 10125 | Lair:2   | 10125 ||| Stepping ~*~*~tactically~*~*~ (outnumbered).
 10127 | Lair:2   | 10127 ||| RETREATING.
 10149 | Lair:2   | 10149 ||| RETREATING.
 10159 | Lair:2   | 10159 ||| INVOKING Heroism.
 10182 | Lair:2   | 10182 ||| Stepping ~*~*~tactically~*~*~ (outnumbered).
 10184 | Lair:2   | 10184 ||| Stepping ~*~*~tactically~*~*~ (outnumbered).
 10186 | Lair:2   | 10186 ||| Stepping ~*~*~tactically~*~*~ (outnumbered).
 10210 | Lair:2   | Reached skill level 11 in Fighting
 10217 | Lair:2   | 10217 ||| Stepping ~*~*~tactically~*~*~ (outnumbered).
 10289 | Lair:3   | 10289 ||| INVOKING Heroism.
 10346 | Lair:3   | 10346 ||| RETREATING.
 10438 | Lair:3   | 10438 ||| INVOKING Heroism.
 10478 | Lair:3   | Found a staircase to the Shoals.
 10480 | Lair:3   | 10480 ||| RETREATING.
 10656 | Lair:3   | 10656 ||| RETREATING.
 10772 | Lair:3   | Noticed Amaemon
 10773 | Lair:3   | 10773 ||| INVOKING Heroism.
 10799 | Lair:3   | Killed Amaemon
 11016 | Lair:3   | 11016 ||| DROPPING ring of flight.
 11030 | Lair:4   | 11030 ||| INVOKING Heroism.
 11032 | Lair:4   | 11032 ||| STAIRDANCE
 11045 | Lair:4   | 11045 ||| STAIRDANCE
 11060 | Lair:4   | 11060 ||| STAIRDANCE
 11158 | Lair:4   | 11158 ||| RETREATING.
 11164 | Lair:4   | 11164 ||| Stepping ~*~*~tactically~*~*~ (retreating).
 11165 | Lair:4   | 11165 ||| Stepping ~*~*~tactically~*~*~ (retreating).
 11178 | Lair:4   | Received a gift from Okawaru
 11263 | Lair:4   | 11263 ||| INVOKING Heroism.
 11264 | Lair:4   | 11264 ||| INVOKING Finesse.
 11318 | Lair:4   | 11318 ||| RETREATING.
 11329 | Lair:4   | 11329 ||| INVOKING Heroism.
 11626 | Lair:4   | 11626 ||| INVOKING Heroism.
 11631 | Lair:4   | Gained mutation: Your large and strong wings let you fly.
                  | [Gargoyle growth]
 11631 | Lair:4   | Reached XP level 14. HP: 90/90 MP: 18/21
 11648 | Lair:4   | Found a runed translucent door.
 11649 | Lair:4   | Found a staircase to the Slime Pits.
 12220 | Lair:4   | 12220 ||| UPGRADING to +0 pair of boots.
 12225 | Lair:4   | 12225 ||| READING scroll labelled XEUZEAF NIABO.
 12278 | Lair:5   | Entered Level 5 of the Lair of Beasts
 12296 | Lair:5   | Found a blossoming altar of Fedhas.
 12341 | Lair:5   | Reached skill level 18 in Ranged Weapons
 12429 | Lair:5   | 12429 ||| RETREATING.
 12448 | Lair:5   | 12448 ||| INVOKING Heroism.
 12532 | Lair:5   | Reached skill level 12 in Fighting
 12682 | Lair:5   | 12682 ||| INVOKING Heroism.
 12731 | Lair:5   | 12731 ||| RETREATING.
 12752 | Lair:5   | 12752 ||| FLEEEEING.
 12753 | Lair:5   | 12753 ||| FLEEEEING.
 12754 | Lair:5   | 12754 ||| FLEEEEING.
 12756 | Lair:5   | 12756 ||| FLEEEEING.
 12758 | Lair:5   | 12758 ||| FLEEEEING.
 12760 | Lair:5   | 12760 ||| INVOKING Heroism.
 12816 | Lair:5   | 12816 ||| RETREATING.
 12819 | Lair:5   | 12819 ||| Stepping ~*~*~tactically~*~*~ (retreating).
 13249 | Lair:5   | 13249 ||| PLANNING D:1-11
 13249 | Lair:5   | 13249 ||| READING scroll labelled PEIDEU PIODAQE.
 13361 | Lair:2   | 13361 ||| FLEEEEING.
 13362 | Lair:2   | 13362 ||| STAIRDANCE
 13436 | D:11     | You are sucked into a shaft and drop 2 floors!
 13597 | D:13     | 13597 ||| Stepping ~*~*~tactically~*~*~ (outnumbered).
 13598 | D:13     | Identified the +3 hand axe "Ducoe" {heavy, Dex+3}
 13691 | D:13     | Received a gift from Okawaru
 13710 | D:13     | 13710 ||| READING scroll labelled ANUMME KOBIOW.
 13807 | D:11     | Reached skill level 13 in Fighting
 13853 | D:11     | 13853 ||| READING scroll of enchant armour.
 13853 | D:11     | 13853 ||| ENCHANTING +1 robe of resistance.
 13946 | D:11     | Identified the +1 cloak of Responsibility {-Cast rPois
                  | Str+3} (Okawaru gifted it to you on level 11 of the
                  | Dungeon)
 13946 | D:11     | Received a gift from Okawaru
 13952 | D:11     | Found a white marble altar of Elyvilon.
 14445 | D:11     | 14445 ||| PLANNING D
 14445 | D:11     | 14445 ||| READING scroll labelled AKUIFA PUNE.
 14559 | D:12     | Reached XP level 15. HP: 98/98 MP: 22/22
 14602 | D:12     | 14602 ||| INVOKING Heroism.
 14607 | D:12     | 14607 ||| Stepping ~*~*~tactically~*~*~ (retreating).
 14646 | D:12     | 14646 ||| Stepping ~*~*~tactically~*~*~ (outnumbered).
 14647 | D:12     | 14647 ||| Stepping ~*~*~tactically~*~*~ (outnumbered).
 14649 | D:12     | 14649 ||| Stepping ~*~*~tactically~*~*~ (outnumbered).
 14654 | D:12     | 14654 ||| Stepping ~*~*~tactically~*~*~ (outnumbered).
 14656 | D:12     | 14656 ||| Stepping ~*~*~tactically~*~*~ (outnumbered).
 15025 | D:12     | 15025 ||| DROPPING +4 ring of slaying {mikee}.
 15026 | D:12     | 15026 ||| DROPPING ring of protection from cold.
 15069 | D:13     | 15069 ||| Stepping ~*~*~tactically~*~*~ (outnumbered).
 15071 | D:13     | 15071 ||| Stepping ~*~*~tactically~*~*~ (outnumbered).
 15077 | D:13     | 15077 ||| Stepping ~*~*~tactically~*~*~ (outnumbered).
 15079 | D:13     | 15079 ||| Stepping ~*~*~tactically~*~*~ (outnumbered).
 15080 | D:13     | 15080 ||| Stepping ~*~*~tactically~*~*~ (outnumbered).
 15081 | D:13     | 15081 ||| Stepping ~*~*~tactically~*~*~ (outnumbered).
 15122 | D:13     | Identified the +4 falchion of the Philosopher {freeze, rC+}
 15171 | D:13     | Identified the +1 scale mail of Upeqitil {rElec rN++ SInv}
 15658 | D:14     | Found Petaigy's Book Emporium.
 15835 | D:14     | 15835 ||| RETREATING.
 15837 | D:14     | 15837 ||| RETREATING.
 15839 | D:14     | 15839 ||| RETREATING.
 15853 | D:14     | 15853 ||| Stepping ~*~*~tactically~*~*~ (retreating).
 15872 | D:14     | 15872 ||| RETREATING.
 15875 | D:14     | 15875 ||| RETREATING.
 15877 | D:14     | 15877 ||| Stepping ~*~*~tactically~*~*~ (retreating).
 15980 | D:14     | 15980 ||| RETREATING.
 15984 | D:14     | Received a gift from Okawaru
 16094 | D:14     | 16094 ||| Stepping ~*~*~tactically~*~*~ (outnumbered).
 16096 | D:14     | 16096 ||| Stepping ~*~*~tactically~*~*~ (outnumbered).
 16109 | D:14     | 16109 ||| INVOKING Heroism.
 16114 | D:14     | Reached skill level 9 in Dodging
 16130 | D:14     | Found a gate to the Vaults.
 16245 | D:14     | 16245 ||| INVOKING Heroism.
 16251 | D:14     | 16251 ||| Stepping ~*~*~tactically~*~*~ (retreating).
 16267 | D:14     | Reached skill level 6 in Armour
 16540 | D:15     | Entered Level 15 of the Dungeon
 16552 | D:15     | 16552 ||| INVOKING Heroism.
 16724 | D:15     | 16724 ||| RETREATING.
 16725 | D:15     | 16725 ||| INVOKING Heroism.
 16737 | D:15     | 16737 ||| RETREATING.
 16739 | D:15     | 16739 ||| Stepping ~*~*~tactically~*~*~ (outnumbered).
 16747 | D:15     | 16747 ||| Stepping ~*~*~tactically~*~*~ (outnumbered).
 16875 | D:15     | Reached skill level 14 in Fighting
 16990 | D:15     | 16990 ||| RETREATING.
 16995 | D:15     | 16995 ||| RETREATING.
 17000 | D:15     | 17000 ||| INVOKING Heroism.
 17003 | D:15     | 17003 ||| RETREATING.
 17010 | D:15     | Identified the +1 robe of Okawaru's Indignation {rCorr}
                  | (Okawaru gifted it to you on level 15 of the Dungeon)
 17010 | D:15     | Received a gift from Okawaru
 17021 | D:15     | 17021 ||| Stepping ~*~*~tactically~*~*~ (retreating).
 17025 | D:15     | 17025 ||| RETREATING.
 17032 | D:15     | 17032 ||| RETREATING.
 17033 | D:15     | 17033 ||| Stepping ~*~*~tactically~*~*~ (retreating).
 17034 | D:15     | 17034 ||| Stepping ~*~*~tactically~*~*~ (retreating).
 17035 | D:15     | 17035 ||| Stepping ~*~*~tactically~*~*~ (retreating).
 17255 | D:15     | 17255 ||| Stepping ~*~*~tactically~*~*~ (outnumbered).
 17264 | D:15     | Reached XP level 16. HP: 97/107 MP: 23/23
 17462 | D:15     | Reached skill level 15 in Fighting
 17469 | D:15     | Found a staircase to the Depths.
 17521 | D:15     | 17521 ||| INVOKING Heroism.
 17613 | D:15     | 17613 ||| PLANNING ORC
 17613 | D:15     | 17613 ||| DROPPING +1 ring mail of poison resistance.
 17614 | D:15     | 17614 ||| DROPPING +1 robe of Okawaru's Indignation
                  | {rCorr}.
 17740 | Orc:1    | Entered Level 1 of the Orcish Mines
 17847 | Orc:1    | 17847 ||| Stepping ~*~*~tactically~*~*~ (outnumbered).
 17878 | Orc:1    | 17878 ||| INVOKING Heroism.
 18040 | Orc:2    | Entered Level 2 of the Orcish Mines
 18055 | Orc:2    | 18055 ||| Stepping ~*~*~tactically~*~*~ (outnumbered).
 18057 | Orc:2    | 18057 ||| Stepping ~*~*~tactically~*~*~ (outnumbered).
 18059 | Orc:2    | 18059 ||| Stepping ~*~*~tactically~*~*~ (outnumbered).
 18061 | Orc:2    | 18061 ||| Stepping ~*~*~tactically~*~*~ (outnumbered).
 18062 | Orc:2    | 18062 ||| Stepping ~*~*~tactically~*~*~ (outnumbered).
 18064 | Orc:2    | 18064 ||| Stepping ~*~*~tactically~*~*~ (outnumbered).
 18248 | Orc:2    | 18248 ||| INVOKING Heroism.
 18283 | Orc:2    | 18283 ||| Stepping ~*~*~tactically~*~*~ (outnumbered).
 18286 | Orc:2    | 18286 ||| Stepping ~*~*~tactically~*~*~ (outnumbered).
 18298 | Orc:2    | 18298 ||| Stepping ~*~*~tactically~*~*~ (outnumbered).
 18316 | Orc:2    | Noticed Saint Roka
 18317 | Orc:2    | 18317 ||| Stepping ~*~*~tactically~*~*~ (outnumbered).
 18319 | Orc:2    | 18319 ||| Stepping ~*~*~tactically~*~*~ (outnumbered).
 18323 | Orc:2    | 18323 ||| INVOKING Heroism.
 18324 | Orc:2    | 18324 ||| INVOKING Finesse.
 18329 | Orc:2    | Noticed Urug
 18330 | Orc:2    | 18330 ||| RETREATING.
 18337 | Orc:2    | Killed Saint Roka
 18338 | Orc:2    | 18338 ||| Stepping ~*~*~tactically~*~*~ (outnumbered).
 18345 | Orc:2    | 18345 ||| RETREATING.
 18350 | Orc:2    | 18350 ||| Stepping ~*~*~tactically~*~*~ (outnumbered).
 18356 | Orc:2    | Killed Urug
 18421 | Orc:2    | 18421 ||| INVOKING Heroism.
 18441 | Orc:2    | Found Xittest's Antique Weapon Boutique.
 18447 | Orc:2    | Found Sareigh's General Store.
 18465 | Orc:2    | 18465 ||| BUYING scroll of identify (30 gold).
 18465 | Orc:2    | Bought a scroll of identify for 30 gold pieces
 18465 | Orc:2    | 18465 ||| BUYING scroll of identify (30 gold).
 18465 | Orc:2    | Bought a scroll of identify for 30 gold pieces
 18465 | Orc:2    | 18465 ||| BUYING scroll of teleportation (45 gold).
 18465 | Orc:2    | Bought a scroll of teleportation for 45 gold pieces
 18497 | Orc:2    | Found Rauw's Jewellery Boutique.
 18505 | Orc:2    | 18505 ||| BUYING ring of protection from fire (325 gold).
 18505 | Orc:2    | Bought a ring of protection from fire for 325 gold pieces
 18799 | Orc:2    | Found Ubbedoc's Antique Armour Boutique.
 18805 | Orc:2    | 18805 ||| BUYING runed scarf (288 gold).
 18805 | Orc:2    | Bought a runed scarf for 288 gold pieces
 18805 | Orc:2    | 18805 ||| BUYING shiny ring mail (252 gold).
 18805 | Orc:2    | Bought a shiny ring mail for 252 gold pieces
 18805 | Orc:2    | 18805 ||| BUYING spiked helmet (342 gold).
 18805 | Orc:2    | Bought a spiked helmet for 342 gold pieces
 18805 | Orc:2    | Identified the +2 helmet of Fanu Rats {Harm rC+ rN+} (You
                  | bought it in a shop on level 2 of the Orcish Mines)
 18833 | Orc:2    | Found a staircase to the Elven Halls.
 18879 | Orc:2    | Found Jeymefun's Book Emporium.
 18898 | Orc:2    | 18898 ||| PLANNING SHOALS:1-3
 18898 | Orc:2    | 18898 ||| DROPPING scarf of invisibility.
 18899 | Orc:2    | 18899 ||| DROPPING +3 ring mail.
 19071 | Shoals:1 | Entered Level 1 of the Shoals
 19074 | Shoals:1 | 19074 ||| STAIRDANCE
 19096 | Shoals:1 | 19096 ||| Stepping ~*~*~tactically~*~*~ (outnumbered).
 19098 | Shoals:1 | 19098 ||| Stepping ~*~*~tactically~*~*~ (outnumbered).
 19104 | Shoals:1 | 19104 ||| Stepping ~*~*~tactically~*~*~ (outnumbered).
 19105 | Shoals:1 | 19105 ||| Stepping ~*~*~tactically~*~*~ (outnumbered).
 19106 | Shoals:1 | 19106 ||| Stepping ~*~*~tactically~*~*~ (outnumbered).
 19110 | Shoals:1 | 19110 ||| RETREATING.
 19112 | Shoals:1 | 19112 ||| Stepping ~*~*~tactically~*~*~ (outnumbered).
 19247 | Shoals:1 | Reached skill level 16 in Fighting
 19386 | Shoals:1 | 19386 ||| INVOKING Heroism.
 19472 | Shoals:1 | 19472 ||| INVOKING Heroism.
 19812 | Shoals:1 | 19812 ||| RETREATING.
 19896 | Shoals:1 | 19896 ||| DROPPING ring of ice.
 19916 | Shoals:2 | Reached skill level 17 in Fighting
 19946 | Shoals:2 | Identified the +2 robe "Warhat" {rElec Str+4 Dex-4 Slay+6}
                  | (Okawaru gifted it to you on level 2 of the Shoals)
 19946 | Shoals:2 | Received a gift from Okawaru
 19986 | Shoals:2 | 19986 ||| INVOKING Heroism.
 20029 | Shoals:2 | 20029 ||| INVOKING Finesse.
 20119 | Shoals:2 | 20119 ||| READING scroll of enchant armour.
 20119 | Shoals:2 | 20119 ||| ENCHANTING +0 pair of gloves.
 20148 | Shoals:2 | 20148 ||| INVOKING Heroism.
 20149 | Shoals:2 | 20149 ||| INVOKING Finesse.
 20238 | Shoals:2 | 20238 ||| INVOKING Heroism.
 20240 | Shoals:2 | 20240 ||| Stepping ~*~*~tactically~*~*~ (outnumbered).
 20241 | Shoals:2 | 20241 ||| Stepping ~*~*~tactically~*~*~ (outnumbered).
 20242 | Shoals:2 | 20242 ||| Stepping ~*~*~tactically~*~*~ (outnumbered).
 20243 | Shoals:2 | 20243 ||| Stepping ~*~*~tactically~*~*~ (outnumbered).
 20244 | Shoals:2 | 20244 ||| Stepping ~*~*~tactically~*~*~ (outnumbered).
 20710 | Shoals:2 | 20710 ||| DROPPING +2 robe "Warhat" {rElec Str+4 Dex-4
                  | Slay+6}.
 20845 | Shoals:3 | Noticed Aizul
 20846 | Shoals:3 | 20846 ||| INVOKING Heroism.
 20847 | Shoals:3 | 20847 ||| INVOKING Finesse.
 20859 | Shoals:3 | Killed Aizul
 20928 | Shoals:3 | Found Ucickaba's Antique Armour Shoppe.
 20944 | Shoals:3 | 20944 ||| BUYING runed helmet (247 gold).
 20944 | Shoals:3 | Bought a runed helmet for 247 gold pieces
 20944 | Shoals:3 | 20944 ||| BUYING runed robe (122 gold).
 20944 | Shoals:3 | Bought a runed robe for 122 gold pieces
 20955 | Shoals:3 | Reached XP level 17. HP: 117/117 MP: 24/24
 20965 | Shoals:3 | Noticed Polyphemus
 20966 | Shoals:3 | 20966 ||| RETREATING.
 20982 | Shoals:3 | 20982 ||| Stepping ~*~*~tactically~*~*~ (retreating).
 20984 | Shoals:3 | 20984 ||| Stepping ~*~*~tactically~*~*~ (retreating).
 20989 | Shoals:3 | 20989 ||| RETREATING.
 21047 | Shoals:3 | 21047 ||| INVOKING Heroism.
 21048 | Shoals:3 | 21048 ||| INVOKING Finesse.
 21060 | Shoals:3 | Killed Polyphemus
 21111 | Shoals:3 | 21111 ||| INVOKING Heroism.
 21150 | Shoals:3 | 21150 ||| Stepping ~*~*~tactically~*~*~ (outnumbered).
 21152 | Shoals:3 | 21152 ||| Stepping ~*~*~tactically~*~*~ (outnumbered).
 21154 | Shoals:3 | 21154 ||| Stepping ~*~*~tactically~*~*~ (outnumbered).
 21209 | Shoals:3 | Noticed Ilsuiw
 21210 | Shoals:3 | 21210 ||| Stepping ~*~*~tactically~*~*~ (outnumbered).
 21214 | Shoals:3 | 21214 ||| Stepping ~*~*~tactically~*~*~ (outnumbered).
 21215 | Shoals:3 | 21215 ||| Stepping ~*~*~tactically~*~*~ (outnumbered).
 21216 | Shoals:3 | 21216 ||| Stepping ~*~*~tactically~*~*~ (outnumbered).
 21217 | Shoals:3 | 21217 ||| Stepping ~*~*~tactically~*~*~ (outnumbered).
 21356 | Shoals:3 | 21356 ||| Stepping ~*~*~tactically~*~*~ (outnumbered).
 21388 | Shoals:3 | 21388 ||| INVOKING Heroism.
 21393 | Shoals:3 | Noticed Jorgrun
 21407 | Shoals:3 | Killed Jorgrun
 21524 | Shoals:3 | 21524 ||| FLEEEEING.
 21527 | Shoals:3 | 21527 ||| INVOKING Heroism.
 21554 | Shoals:3 | Killed Ilsuiw
 21555 | Shoals:3 | Reached skill level 18 in Fighting
 21805 | Shoals:3 | 21805 ||| PLANNING SPIDER:1-3
 21805 | Shoals:3 | 21805 ||| UPGRADING to +1 helmet.
 21815 | Shoals:3 | 21815 ||| DROPPING +0 helmet.
 21816 | Shoals:3 | 21816 ||| DROPPING +2 robe.
 21817 | Shoals:3 | 21817 ||| READING scroll labelled JUEVEM QADEO.
 22032 | Spider:1 | Entered Level 1 of the Spider Nest
 22039 | Spider:1 | 22039 ||| RETREATING.
 22048 | Spider:1 | 22048 ||| Stepping ~*~*~tactically~*~*~ (retreating).
 22107 | Spider:1 | 22107 ||| INVOKING Heroism.
 22186 | Spider:1 | 22186 ||| INVOKING Heroism.
 22344 | Spider:1 | 22344 ||| INVOKING Heroism.
 22635 | Spider:1 | Reached skill level 12 in Dodging
 22645 | Spider:1 | 22645 ||| INVOKING Finesse.
 22840 | Spider:2 | 22840 ||| RETREATING.
 22842 | Spider:2 | 22842 ||| Stepping ~*~*~tactically~*~*~ (retreating).
 22843 | Spider:2 | 22843 ||| Stepping ~*~*~tactically~*~*~ (retreating).
 22929 | Spider:2 | 22929 ||| INVOKING Heroism.
 23008 | Spider:2 | 23008 ||| Stepping ~*~*~tactically~*~*~ (outnumbered).
 23016 | Spider:2 | 23016 ||| Stepping ~*~*~tactically~*~*~ (outnumbered).
 23063 | Spider:2 | 23063 ||| FLEEEEING.
 23064 | Spider:2 | 23064 ||| FLEEEEING.
 23067 | Spider:2 | 23067 ||| FLEEEEING.
 23076 | Spider:2 | 23076 ||| INVOKING Finesse.
 23133 | Spider:2 | 23133 ||| RETREATING.
 23204 | Spider:2 | 23204 ||| DRINKING 5 potions of curing.
 23204 | Spider:2 | 23204 ||| (to cure confusion)
 23253 | Spider:2 | 23253 ||| Stepping ~*~*~tactically~*~*~ (retreating).
 23258 | Spider:2 | Reached skill level 19 in Fighting
 23258 | Spider:2 | 23258 ||| FLEEEEING.
 23375 | Spider:2 | Noticed Azrael
 23376 | Spider:2 | 23376 ||| RETREATING.
 23382 | Spider:2 | 23382 ||| Stepping ~*~*~tactically~*~*~ (retreating).
 23387 | Spider:2 | 23387 ||| Stepping ~*~*~tactically~*~*~ (retreating).
 23394 | Spider:2 | Killed Azrael
 23395 | Spider:2 | Reached skill level 9 in Armour
 23437 | Spider:2 | You are sucked into a shaft and drop 1 floor!
 23444 | Spider:3 | 23444 ||| Stepping ~*~*~tactically~*~*~ (retreating).
 23445 | Spider:3 | 23445 ||| INVOKING Finesse.
 23455 | Spider:3 | 23455 ||| INVOKING Heroism.
 23476 | Spider:3 | Reached XP level 18. HP: 128/128 MP: 18/25
 23541 | Spider:3 | Noticed Kirke
 23542 | Spider:3 | 23542 ||| Stepping ~*~*~tactically~*~*~ (retreating).
 23546 | Spider:3 | 23546 ||| Stepping ~*~*~tactically~*~*~ (retreating).
 23555 | Spider:3 | 23555 ||| Stepping ~*~*~tactically~*~*~ (retreating).
 23559 | Spider:3 | Killed Kirke
 23559 | Spider:3 | Identified the orb "Yrhuy" {*Rage, Drain Fly rF++ rCorr}
                  | (Okawaru gifted it to you on level 3 of the Spider Nest)
 23559 | Spider:3 | Received a gift from Okawaru
 23561 | Spider:3 | 23561 ||| Stepping ~*~*~tactically~*~*~ (retreating).
 23581 | Spider:3 | 23581 ||| INVOKING Finesse.
 23804 | Spider:3 | 23804 ||| INVOKING Heroism.
 23829 | Spider:3 | Noticed Mara
 23830 | Spider:3 | 23830 ||| RETREATING.
 23842 | Spider:3 | 23842 ||| INVOKING Finesse.
 23858 | Spider:3 | Killed Mara
 23932 | Spider:3 | 23932 ||| UPGRADING to +2 pair of boots.
 23942 | Spider:3 | 23942 ||| DROPPING +0 pair of boots.
 24321 | Spider:2 | 24321 ||| INVOKING Heroism.
 24370 | Spider:2 | 24370 ||| DROPPING ring of wizardry.
 24371 | Spider:2 | 24371 ||| READING 11 scrolls of identify.
 24371 | Spider:2 | 24371 ||| IDENTIFYING red potion
 24401 | Spider:3 | 24401 ||| INVOKING Finesse.
 24539 | Spider:3 | 24539 ||| INVOKING Finesse.
 24780 | Spider:3 | 24780 ||| PLANNING SHOALS:4
 24925 | Shoals:4 | Entered Level 4 of the Shoals
 24932 | Shoals:4 | 24932 ||| INVOKING Heroism.
 25002 | Shoals:4 | Reached skill level 20 in Fighting
 25028 | Shoals:4 | 25028 ||| INVOKING Heroism.
 25137 | Shoals:4 | 25137 ||| RETREATING.
 25141 | Shoals:4 | 25141 ||| Stepping ~*~*~tactically~*~*~ (outnumbered).
 25143 | Shoals:4 | 25143 ||| Stepping ~*~*~tactically~*~*~ (outnumbered).
 25211 | Shoals:4 | 25211 ||| RETREATING.
 25212 | Shoals:4 | 25212 ||| INVOKING Heroism.
 25214 | Shoals:4 | 25214 ||| Stepping ~*~*~tactically~*~*~ (outnumbered).
 25217 | Shoals:4 | 25217 ||| Stepping ~*~*~tactically~*~*~ (retreating).
 25234 | Shoals:4 | 25234 ||| Stepping ~*~*~tactically~*~*~ (retreating).
 25238 | Shoals:4 | 25238 ||| Stepping ~*~*~tactically~*~*~ (outnumbered).
 25270 | Shoals:4 | 25270 ||| INVOKING Heroism.
 25288 | Shoals:4 | 25288 ||| Stepping ~*~*~tactically~*~*~ (cloud).
 25361 | Shoals:4 | Got a barnacled rune of Zot
 25438 | Shoals:4 | 25438 ||| Stepping ~*~*~tactically~*~*~ (outnumbered).
 25440 | Shoals:4 | 25440 ||| Stepping ~*~*~tactically~*~*~ (outnumbered).
 25442 | Shoals:4 | 25442 ||| INVOKING Heroism.
 25488 | Shoals:4 | 25488 ||| Stepping ~*~*~tactically~*~*~ (outnumbered).
 25489 | Shoals:4 | 25489 ||| Stepping ~*~*~tactically~*~*~ (outnumbered).
 25490 | Shoals:4 | 25490 ||| Stepping ~*~*~tactically~*~*~ (outnumbered).
 25493 | Shoals:4 | 25493 ||| Stepping ~*~*~tactically~*~*~ (outnumbered).
 25495 | Shoals:4 | 25495 ||| Stepping ~*~*~tactically~*~*~ (outnumbered).
 25530 | Shoals:4 | 25530 ||| INVOKING Heroism.
 25567 | Shoals:4 | Found Quutunt's Gadget Gallery.
 25599 | Shoals:4 | Reached skill level 21 in Fighting
 25691 | Shoals:4 | 25691 ||| INVOKING Heroism.
 25695 | Shoals:4 | 25695 ||| RETREATING.
 25697 | Shoals:4 | 25697 ||| Stepping ~*~*~tactically~*~*~ (retreating).
 25699 | Shoals:4 | 25699 ||| Stepping ~*~*~tactically~*~*~ (retreating).
 25701 | Shoals:4 | 25701 ||| Stepping ~*~*~tactically~*~*~ (retreating).
 25703 | Shoals:4 | 25703 ||| Stepping ~*~*~tactically~*~*~ (retreating).
 25916 | Shoals:4 | 25916 ||| INVOKING Heroism.
 26083 | Shoals:4 | 26083 ||| INVOKING Heroism.
 26153 | Shoals:4 | 26153 ||| PLANNING VAULTS:1-4
 26153 | Shoals:4 | 26153 ||| DROPPING +0 helmet of intelligence.
 26418 | Vaults:1 | Entered Level 1 of the Vaults
 26490 | Vaults:1 | 26490 ||| FLEEEEING.
 26542 | Vaults:1 | 26542 ||| Stepping ~*~*~tactically~*~*~ (outnumbered).
 26543 | Vaults:1 | 26543 ||| Stepping ~*~*~tactically~*~*~ (outnumbered).
 26544 | Vaults:1 | 26544 ||| Stepping ~*~*~tactically~*~*~ (outnumbered).
 26546 | Vaults:1 | 26546 ||| Stepping ~*~*~tactically~*~*~ (outnumbered).
 26547 | Vaults:1 | 26547 ||| Stepping ~*~*~tactically~*~*~ (outnumbered).
 26548 | Vaults:1 | 26548 ||| Stepping ~*~*~tactically~*~*~ (outnumbered).
 26549 | Vaults:1 | 26549 ||| Stepping ~*~*~tactically~*~*~ (outnumbered).
 26550 | Vaults:1 | 26550 ||| Stepping ~*~*~tactically~*~*~ (outnumbered).
 26551 | Vaults:1 | 26551 ||| Stepping ~*~*~tactically~*~*~ (outnumbered).
 26552 | Vaults:1 | 26552 ||| Stepping ~*~*~tactically~*~*~ (outnumbered).
 26553 | Vaults:1 | 26553 ||| Stepping ~*~*~tactically~*~*~ (outnumbered).
 26584 | Vaults:1 | Reached XP level 19. HP: 132/137 MP: 26/26
 26589 | Vaults:1 | 26589 ||| RETREATING.
 26599 | Vaults:1 | 26599 ||| Stepping ~*~*~tactically~*~*~ (retreating).
 26600 | Vaults:1 | 26600 ||| Stepping ~*~*~tactically~*~*~ (retreating).
 26601 | Vaults:1 | 26601 ||| Stepping ~*~*~tactically~*~*~ (retreating).
 26602 | Vaults:1 | 26602 ||| Stepping ~*~*~tactically~*~*~ (retreating).
 26603 | Vaults:1 | 26603 ||| Stepping ~*~*~tactically~*~*~ (retreating).
 26604 | Vaults:1 | 26604 ||| Stepping ~*~*~tactically~*~*~ (retreating).
 26607 | Vaults:1 | 26607 ||| Stepping ~*~*~tactically~*~*~ (retreating).
 26608 | Vaults:1 | 26608 ||| Stepping ~*~*~tactically~*~*~ (retreating).
 26609 | Vaults:1 | 26609 ||| INVOKING Heroism.
 26782 | Vaults:1 | 26782 ||| INVOKING Heroism.
 26783 | Vaults:1 | 26783 ||| INVOKING Finesse.
 26795 | Vaults:1 | 26795 ||| Stepping ~*~*~tactically~*~*~ (outnumbered).
 26881 | Vaults:1 | 26881 ||| RETREATING.
 26894 | Vaults:1 | 26894 ||| INVOKING Heroism.
 27083 | Vaults:1 | Found Veshria's Weapon Boutique.
 27288 | Vaults:1 | 27288 ||| INVOKING Heroism.
 27289 | Vaults:1 | 27289 ||| INVOKING Finesse.
 27290 | Vaults:1 | 27290 ||| Stepping ~*~*~tactically~*~*~ (retreating).
 27291 | Vaults:1 | 27291 ||| Stepping ~*~*~tactically~*~*~ (retreating).
 27292 | Vaults:1 | 27292 ||| Stepping ~*~*~tactically~*~*~ (retreating).
 27293 | Vaults:1 | 27293 ||| Stepping ~*~*~tactically~*~*~ (retreating).
 27294 | Vaults:1 | 27294 ||| Stepping ~*~*~tactically~*~*~ (retreating).
 27295 | Vaults:1 | 27295 ||| Stepping ~*~*~tactically~*~*~ (retreating).
 27296 | Vaults:1 | 27296 ||| Stepping ~*~*~tactically~*~*~ (retreating).
 27307 | Vaults:1 | 27307 ||| RETREATING.
 27308 | Vaults:1 | 27308 ||| Stepping ~*~*~tactically~*~*~ (retreating).
 27518 | Vaults:1 | 27518 ||| Stepping ~*~*~tactically~*~*~ (outnumbered).
 27521 | Vaults:1 | 27521 ||| Stepping ~*~*~tactically~*~*~ (outnumbered).
 27522 | Vaults:1 | 27522 ||| Stepping ~*~*~tactically~*~*~ (outnumbered).
 27523 | Vaults:1 | 27523 ||| Stepping ~*~*~tactically~*~*~ (outnumbered).
 27524 | Vaults:1 | 27524 ||| Stepping ~*~*~tactically~*~*~ (outnumbered).
 27525 | Vaults:1 | 27525 ||| Stepping ~*~*~tactically~*~*~ (outnumbered).
 27526 | Vaults:1 | 27526 ||| Stepping ~*~*~tactically~*~*~ (outnumbered).
 27527 | Vaults:1 | 27527 ||| Stepping ~*~*~tactically~*~*~ (outnumbered).
 27528 | Vaults:1 | 27528 ||| Stepping ~*~*~tactically~*~*~ (outnumbered).
 27529 | Vaults:1 | 27529 ||| Stepping ~*~*~tactically~*~*~ (outnumbered).
 27530 | Vaults:1 | 27530 ||| Stepping ~*~*~tactically~*~*~ (outnumbered).
 27531 | Vaults:1 | 27531 ||| Stepping ~*~*~tactically~*~*~ (outnumbered).
 27532 | Vaults:1 | 27532 ||| Stepping ~*~*~tactically~*~*~ (outnumbered).
 27534 | Vaults:1 | 27534 ||| Stepping ~*~*~tactically~*~*~ (outnumbered).
 27536 | Vaults:1 | 27536 ||| Stepping ~*~*~tactically~*~*~ (outnumbered).
 27537 | Vaults:1 | 27537 ||| Stepping ~*~*~tactically~*~*~ (outnumbered).
 27538 | Vaults:1 | 27538 ||| Stepping ~*~*~tactically~*~*~ (outnumbered).
 27539 | Vaults:1 | 27539 ||| Stepping ~*~*~tactically~*~*~ (outnumbered).
 27540 | Vaults:1 | 27540 ||| Stepping ~*~*~tactically~*~*~ (outnumbered).
 27542 | Vaults:1 | 27542 ||| Stepping ~*~*~tactically~*~*~ (outnumbered).
 27543 | Vaults:1 | 27543 ||| Stepping ~*~*~tactically~*~*~ (outnumbered).
 27544 | Vaults:1 | 27544 ||| Stepping ~*~*~tactically~*~*~ (outnumbered).
 27545 | Vaults:1 | 27545 ||| Stepping ~*~*~tactically~*~*~ (outnumbered).
 27546 | Vaults:1 | 27546 ||| Stepping ~*~*~tactically~*~*~ (outnumbered).
 27547 | Vaults:1 | 27547 ||| Stepping ~*~*~tactically~*~*~ (outnumbered).
 27548 | Vaults:1 | 27548 ||| Stepping ~*~*~tactically~*~*~ (outnumbered).
 27549 | Vaults:1 | 27549 ||| Stepping ~*~*~tactically~*~*~ (outnumbered).
 27550 | Vaults:1 | 27550 ||| Stepping ~*~*~tactically~*~*~ (outnumbered).
 27552 | Vaults:1 | 27552 ||| Stepping ~*~*~tactically~*~*~ (outnumbered).
 27554 | Vaults:1 | 27554 ||| Stepping ~*~*~tactically~*~*~ (outnumbered).
 27686 | Vaults:1 | You are sucked into a shaft and drop 1 floor!
 27755 | Vaults:2 | 27755 ||| Stepping ~*~*~tactically~*~*~ (retreating).
 27756 | Vaults:2 | 27756 ||| Stepping ~*~*~tactically~*~*~ (outnumbered).
 27776 | Vaults:2 | 27776 ||| Stepping ~*~*~tactically~*~*~ (outnumbered).
 27809 | Vaults:2 | Identified the +2 cloak "Ynuucus" {Int+3 SInv} (Okawaru
                  | gifted it to you on level 2 of the Vaults)
 27809 | Vaults:2 | Received a gift from Okawaru
 27819 | Vaults:2 | Reached skill level 22 in Fighting
 27909 | Vaults:2 | 27909 ||| Stepping ~*~*~tactically~*~*~ (retreating).
 27910 | Vaults:2 | 27910 ||| Stepping ~*~*~tactically~*~*~ (retreating).
 27911 | Vaults:2 | 27911 ||| Stepping ~*~*~tactically~*~*~ (retreating).
 27912 | Vaults:2 | 27912 ||| Stepping ~*~*~tactically~*~*~ (retreating).
 27913 | Vaults:2 | 27913 ||| Stepping ~*~*~tactically~*~*~ (retreating).
 27914 | Vaults:2 | 27914 ||| Stepping ~*~*~tactically~*~*~ (retreating).
 27915 | Vaults:2 | 27915 ||| Stepping ~*~*~tactically~*~*~ (retreating).
 28119 | Vaults:2 | 28119 ||| INVOKING Finesse.
 28344 | Vaults:2 | 28344 ||| DROPPING +0 ring mail of cold resistance.
 28345 | Vaults:2 | 28345 ||| DROPPING +1 cloak of Responsibility {-Cast rPois
                  | Str+3}.
 28385 | Vaults:1 | 28385 ||| Stepping ~*~*~tactically~*~*~ (retreating).
 28386 | Vaults:1 | 28386 ||| Stepping ~*~*~tactically~*~*~ (retreating).
 28387 | Vaults:1 | 28387 ||| Stepping ~*~*~tactically~*~*~ (retreating).
 28390 | Vaults:1 | 28390 ||| Stepping ~*~*~tactically~*~*~ (retreating).
 28391 | Vaults:1 | 28391 ||| Stepping ~*~*~tactically~*~*~ (retreating).
 28392 | Vaults:1 | 28392 ||| Stepping ~*~*~tactically~*~*~ (retreating).
 28393 | Vaults:1 | 28393 ||| Stepping ~*~*~tactically~*~*~ (retreating).
 28909 | Vaults:2 | 28909 ||| Stepping ~*~*~tactically~*~*~ (outnumbered).
 28910 | Vaults:2 | 28910 ||| Stepping ~*~*~tactically~*~*~ (outnumbered).
 28914 | Vaults:2 | Reached skill level 15 in Dodging
 28960 | Vaults:2 | 28960 ||| FLEEEEING.
 28961 | Vaults:2 | 28961 ||| FLEEEEING.
 28962 | Vaults:2 | 28962 ||| FLEEEEING.
 28963 | Vaults:2 | 28963 ||| FLEEEEING.
 28964 | Vaults:2 | 28964 ||| FLEEEEING.
 28970 | Vaults:2 | 28970 ||| FLEEEEING.
 28971 | Vaults:2 | 28971 ||| FLEEEEING.
 28972 | Vaults:2 | 28972 ||| FLEEEEING.
 28983 | Vaults:2 | 28983 ||| FLEEEEING.
 28984 | Vaults:2 | 28984 ||| FLEEEEING.
 28985 | Vaults:2 | 28985 ||| FLEEEEING.
 28986 | Vaults:2 | 28986 ||| FLEEEEING.
 28987 | Vaults:2 | 28987 ||| FLEEEEING.
 28989 | Vaults:2 | 28989 ||| STAIRDANCE
 29308 | Vaults:2 | 29308 ||| INVOKING Heroism.
 29309 | Vaults:2 | 29309 ||| INVOKING Finesse.
 29366 | Vaults:2 | 29366 ||| RETREATING.
 29437 | Vaults:2 | 29437 ||| RETREATING.
 29439 | Vaults:2 | 29439 ||| Stepping ~*~*~tactically~*~*~ (outnumbered).
 29440 | Vaults:2 | 29440 ||| INVOKING Heroism.
 29455 | Vaults:2 | Reached XP level 20. HP: 108/147 MP: 25/27
 29455 | Vaults:2 | 29455 ||| Stepping ~*~*~tactically~*~*~ (retreating).
 29456 | Vaults:2 | 29456 ||| Stepping ~*~*~tactically~*~*~ (retreating).
 29457 | Vaults:2 | 29457 ||| Stepping ~*~*~tactically~*~*~ (retreating).
 29498 | Vaults:2 | 29498 ||| FLEEEEING.
 29499 | Vaults:2 | 29499 ||| FLEEEEING.
 29500 | Vaults:2 | 29500 ||| RETREATING.
 29501 | Vaults:2 | 29501 ||| FLEEEEING.
 29502 | Vaults:2 | 29502 ||| RETREATING.
 29503 | Vaults:2 | HP: 35/147 [ironbound preserver/+0 morningstar (23)]
 29504 | Vaults:2 | 29504 ||| READING 13 scrolls of teleportation.
 29555 | Vaults:2 | 29555 ||| INVOKING Heroism.
 29563 | Vaults:2 | Reached skill level 23 in Fighting
 30034 | Vaults:2 | 30034 ||| RETREATING.
 30044 | Vaults:2 | 30044 ||| FLEEEEING.
 30045 | Vaults:2 | 30045 ||| FLEEEEING.
 30046 | Vaults:2 | 30046 ||| FLEEEEING.
 30047 | Vaults:2 | 30047 ||| FLEEEEING.
 30048 | Vaults:2 | 30048 ||| STAIRDANCE
 30152 | Vaults:2 | 30152 ||| STAIRDANCE
 30258 | Vaults:2 | 30258 ||| STAIRDANCE
 30260 | Vaults:1 | 30260 ||| INVOKING Finesse.
 30295 | Vaults:2 | 30295 ||| INVOKING Heroism.
 30331 | Vaults:2 | Found Taawnoal's Armour Boutique.
 30339 | Vaults:2 | 30339 ||| BUYING +1 helmet of see invisible (264 gold).
 30339 | Vaults:2 | Bought a +1 helmet of see invisible for 264 gold pieces
 30339 | Vaults:2 | 30339 ||| BUYING +2 leather armour of cold resistance (304
                  | gold).
 30339 | Vaults:2 | Bought a +2 leather armour of cold resistance for 304 gold
                  | pieces
 30349 | Vaults:2 | Found Poat's Assorted Antiques.
 30357 | Vaults:2 | 30357 ||| BUYING potion of curing (108 gold).
 30357 | Vaults:2 | Bought a potion of curing for 108 gold pieces
 30357 | Vaults:2 | 30357 ||| BUYING runed ring mail (252 gold).
 30357 | Vaults:2 | Bought a runed ring mail for 252 gold pieces
 30372 | Vaults:2 | Found Laozis's Jewellery Boutique.
 30378 | Vaults:2 | 30378 ||| SHOPLISTING +5 ring of evasion (504 gold, have
                  | 56).
 30378 | Vaults:2 | 30378 ||| SHOPLISTING amulet "Erewoil" {Reflect Will++
                  | rCorr SH+5} (792 gold, have 56).
 30388 | Vaults:2 | 30388 ||| DROPPING +1 ring mail of cold resistance.
 30421 | Vaults:3 | 30421 ||| RETREATING.
 30422 | Vaults:3 | 30422 ||| Stepping ~*~*~tactically~*~*~ (retreating).
 30423 | Vaults:3 | 30423 ||| Stepping ~*~*~tactically~*~*~ (retreating).
 30424 | Vaults:3 | 30424 ||| Stepping ~*~*~tactically~*~*~ (retreating).
 30463 | Vaults:3 | 30463 ||| INVOKING Heroism.
 30464 | Vaults:3 | 30464 ||| INVOKING Finesse.
 30796 | Vaults:3 | 30796 ||| FLEEEEING.
 30797 | Vaults:3 | 30797 ||| FLEEEEING.
 30816 | Vaults:3 | 30816 ||| INVOKING Finesse.
 30969 | Vaults:3 | 30969 ||| RETREATING.
 31148 | Vaults:3 | 31148 ||| RETREATING.
 31300 | Vaults:3 | 31300 ||| Stepping ~*~*~tactically~*~*~ (outnumbered).
 31303 | Vaults:3 | 31303 ||| Stepping ~*~*~tactically~*~*~ (outnumbered).
 31314 | Vaults:3 | 31314 ||| FLEEEEING.
 31315 | Vaults:3 | 31315 ||| Stepping ~*~*~tactically~*~*~ (outnumbered).
 31630 | Vaults:3 | Identified the +1 pair of boots of Supple Strength {rElec
                  | rF- Will+++ Stlth+} (Okawaru gifted it to you on level 3 of
                  | the Vaults)
 31630 | Vaults:3 | Received a gift from Okawaru
 31663 | Vaults:3 | Found a staircase to the Crypt.
 31995 | Vaults:3 | 31995 ||| UPGRADING to +1 pair of boots of Supple Strength
                  | {rElec rF- Will+++ Stlth+}.
 32005 | Vaults:3 | 32005 ||| UPGRADING to scarf of resistance.
 32041 | Vaults:4 | 32041 ||| STAIRDANCE
 32057 | Vaults:4 | 32057 ||| RETREATING.
 32063 | Vaults:4 | 32063 ||| INVOKING Finesse.
 32116 | Vaults:4 | 32116 ||| RETREATING.
 32128 | Vaults:4 | 32128 ||| RETREATING.
 32214 | Vaults:4 | 32214 ||| Stepping ~*~*~tactically~*~*~ (outnumbered).
 32363 | Vaults:4 | 32363 ||| RETREATING.
 32407 | Vaults:4 | Reached skill level 24 in Fighting
 32439 | Vaults:4 | 32439 ||| Stepping ~*~*~tactically~*~*~ (outnumbered).
 32441 | Vaults:4 | 32441 ||| Stepping ~*~*~tactically~*~*~ (outnumbered).
 32444 | Vaults:4 | 32444 ||| Stepping ~*~*~tactically~*~*~ (outnumbered).
 32445 | Vaults:4 | 32445 ||| Stepping ~*~*~tactically~*~*~ (outnumbered).
 32617 | Vaults:4 | Found a runed translucent gate.
 32617 | Vaults:4 | Found a runed translucent gate.
 32617 | Vaults:4 | Found an opulent altar of Gozag.
 32618 | Vaults:4 | Found a runed translucent gate.
 32619 | Vaults:4 | Noticed Angmar's ghost (veteran DrAE)
 32792 | Vaults:4 | Reached XP level 21. HP: 156/156 MP: 28/28
 32823 | Vaults:4 | 32823 ||| RETREATING.
 33240 | Vaults:4 | 33240 ||| PLANNING SPIDER:4
 33594 | Spider:4 | Entered Level 4 of the Spider Nest
 33650 | Spider:4 | 33650 ||| RETREATING.
 33728 | Spider:4 | 33728 ||| Stepping ~*~*~tactically~*~*~ (outnumbered).
 33742 | Spider:4 | 33742 ||| Stepping ~*~*~tactically~*~*~ (outnumbered).
 33778 | Spider:4 | 33778 ||| RETREATING.
 33788 | Spider:4 | 33788 ||| Stepping ~*~*~tactically~*~*~ (retreating).
 33789 | Spider:4 | 33789 ||| Stepping ~*~*~tactically~*~*~ (retreating).
 33790 | Spider:4 | 33790 ||| Stepping ~*~*~tactically~*~*~ (retreating).
 33791 | Spider:4 | 33791 ||| Stepping ~*~*~tactically~*~*~ (retreating).
 33792 | Spider:4 | 33792 ||| Stepping ~*~*~tactically~*~*~ (retreating).
 33796 | Spider:4 | 33796 ||| Stepping ~*~*~tactically~*~*~ (retreating).
 33797 | Spider:4 | 33797 ||| Stepping ~*~*~tactically~*~*~ (retreating).
 33799 | Spider:4 | 33799 ||| Stepping ~*~*~tactically~*~*~ (retreating).
 33800 | Spider:4 | 33800 ||| Stepping ~*~*~tactically~*~*~ (retreating).
 33801 | Spider:4 | 33801 ||| Stepping ~*~*~tactically~*~*~ (retreating).
 33802 | Spider:4 | 33802 ||| Stepping ~*~*~tactically~*~*~ (retreating).
 33803 | Spider:4 | 33803 ||| Stepping ~*~*~tactically~*~*~ (retreating).
 33804 | Spider:4 | 33804 ||| Stepping ~*~*~tactically~*~*~ (retreating).
 33806 | Spider:4 | 33806 ||| Stepping ~*~*~tactically~*~*~ (retreating).
 33888 | Spider:4 | Noticed Arachne
 33890 | Spider:4 | 33890 ||| Stepping ~*~*~tactically~*~*~ (retreating).
 33891 | Spider:4 | 33891 ||| STAIRDANCE
 33903 | Spider:3 | 33903 ||| UPGRADING to amulet of reflection.
 33913 | Spider:3 | 33913 ||| DROPPING amulet of regeneration.
 33917 | Spider:4 | 33917 ||| STAIRDANCE
 33920 | Spider:3 | 33920 ||| FLEEEEING.
 33921 | Spider:3 | 33921 ||| FLEEEEING.
 33922 | Spider:3 | 33922 ||| STAIRDANCE
 33975 | Spider:4 | 33975 ||| STAIRDANCE
 33983 | Spider:4 | 33983 ||| STAIRDANCE
 34000 | Spider:3 | Killed Arachne
 34037 | Spider:4 | Identified the +1 shortbow of Resourcefulness {drain, rCorr
                  | Dex+3} (Okawaru gifted it to you on level 4 of the Spider
                  | Nest)
 34037 | Spider:4 | Received a gift from Okawaru
 34366 | Spider:4 | 34366 ||| Stepping ~*~*~tactically~*~*~ (retreating).
 34367 | Spider:4 | 34367 ||| Stepping ~*~*~tactically~*~*~ (retreating).
 34368 | Spider:4 | 34368 ||| Stepping ~*~*~tactically~*~*~ (retreating).
 34369 | Spider:4 | 34369 ||| Stepping ~*~*~tactically~*~*~ (retreating).
 34382 | Spider:4 | Reached ****** piety under Okawaru
 34540 | Spider:4 | 34540 ||| RETREATING.
 34578 | Spider:4 | 34578 ||| RETREATING.
 34781 | Spider:4 | Got a gossamer rune of Zot
 34815 | Spider:4 | 34815 ||| PLANNING DEPTHS
 34815 | Spider:4 | 34815 ||| DROPPING scarf of invisibility.
 34816 | Spider:4 | 34816 ||| DROPPING amulet of magic regeneration.
 35090 | Depths:1 | Entered Level 1 of the Depths
 35090 | Depths:1 | Found a one-way gate to the infinite horrors of the Abyss.
 35091 | Depths:1 | 35091 ||| Stepping ~*~*~tactically~*~*~ (retreating).
 35092 | Depths:1 | 35092 ||| Stepping ~*~*~tactically~*~*~ (retreating).
 35093 | Depths:1 | 35093 ||| Stepping ~*~*~tactically~*~*~ (retreating).
 35094 | Depths:1 | 35094 ||| Stepping ~*~*~tactically~*~*~ (retreating).
 35095 | Depths:1 | 35095 ||| INVOKING Heroism.
 35096 | Depths:1 | 35096 ||| INVOKING Finesse.
 35247 | Depths:1 | Received a gift from Okawaru
 35260 | Depths:1 | 35260 ||| FLEEEEING.
 35266 | Depths:1 | 35266 ||| STAIRDANCE
 35420 | Depths:1 | 35420 ||| INVOKING Finesse.
 35538 | Depths:1 | 35538 ||| INVOKING Heroism.
 35539 | Depths:1 | 35539 ||| INVOKING Finesse.
 35701 | Depths:1 | 35701 ||| RETREATING.
 35705 | Depths:1 | 35705 ||| INVOKING Heroism.
 35709 | Depths:1 | 35709 ||| INVOKING Finesse.
 35715 | Depths:1 | Reached skill level 25 in Fighting
 35825 | Depths:1 | Identified the +5 mace "Xunaem" {protect, Fly rN++ Str-5
                  | Int+2}
 35904 | Depths:1 | 35904 ||| READING scroll of enchant armour.
 35904 | Depths:1 | 35904 ||| ENCHANTING +1 pair of gloves.
 35913 | Depths:1 | 35913 ||| Stepping ~*~*~tactically~*~*~ (outnumbered).
 35924 | Depths:1 | 35924 ||| Stepping ~*~*~tactically~*~*~ (outnumbered).
 35926 | Depths:1 | 35926 ||| Stepping ~*~*~tactically~*~*~ (outnumbered).
 35928 | Depths:1 | 35928 ||| Stepping ~*~*~tactically~*~*~ (outnumbered).
 35939 | Depths:1 | Found a sacrificial altar of Ru.
 36142 | Depths:1 | 36142 ||| RETREATING.
 36231 | Depths:1 | Found a gateway to Hell.
 36232 | Depths:1 | 36232 ||| RETREATING.
 36393 | Depths:1 | 36393 ||| DROPPING +2 pair of gloves.
 36394 | Depths:1 | 36394 ||| DROPPING ring of positive energy.
 36581 | Depths:2 | 36581 ||| Stepping ~*~*~tactically~*~*~ (retreating).
 36776 | Depths:2 | 36776 ||| RETREATING.
 36777 | Depths:2 | 36777 ||| INVOKING Heroism.
 36819 | Depths:2 | Reached skill level 18 in Dodging
 37013 | Depths:2 | 37013 ||| Stepping ~*~*~tactically~*~*~ (outnumbered).
 37015 | Depths:2 | 37015 ||| Stepping ~*~*~tactically~*~*~ (outnumbered).
 37027 | Depths:2 | 37027 ||| INVOKING Heroism.
 37030 | Depths:2 | 37030 ||| RETREATING.
 37040 | Depths:2 | Reached XP level 22. HP: 164/164 MP: 29/29
 37043 | Depths:2 | 37043 ||| INVOKING Finesse.
 37044 | Depths:2 | 37044 ||| Stepping ~*~*~tactically~*~*~ (retreating).
 37091 | Depths:2 | 37091 ||| INVOKING Heroism.
 37195 | Depths:2 | Found a one-way gateway to a ziggurat.
 37303 | Depths:2 | Found a one-way gate leading to the halls of Pandemonium.
 37343 | Depths:2 | 37343 ||| Stepping ~*~*~tactically~*~*~ (outnumbered).
 37345 | Depths:2 | 37345 ||| Stepping ~*~*~tactically~*~*~ (outnumbered).
 37347 | Depths:2 | 37347 ||| Stepping ~*~*~tactically~*~*~ (outnumbered).
 37349 | Depths:2 | 37349 ||| Stepping ~*~*~tactically~*~*~ (outnumbered).
 37353 | Depths:2 | Received a gift from Okawaru
 37422 | Depths:2 | Identified the +9 shortbow of Eternal Harmony {antimagic,
                  | rF+ Dex+2}
 37481 | Depths:2 | 37481 ||| INVOKING Heroism.
 37482 | Depths:2 | 37482 ||| INVOKING Finesse.
 37798 | Depths:3 | 37798 ||| RETREATING.
 37885 | Depths:3 | Noticed a caustic shrike
 37885 | Depths:3 | Noticed a caustic shrike
 37885 | Depths:3 | Noticed a caustic shrike
 37886 | Depths:3 | 37886 ||| RETREATING.
 37886 | Depths:3 | Noticed a caustic shrike
 37887 | Depths:3 | 37887 ||| Stepping ~*~*~tactically~*~*~ (retreating).
 37888 | Depths:3 | 37888 ||| INVOKING Heroism.
 37889 | Depths:3 | 37889 ||| INVOKING Finesse.
 37901 | Depths:3 | Killed a caustic shrike
 37906 | Depths:3 | Killed a caustic shrike
 37913 | Depths:3 | Killed a caustic shrike
 37918 | Depths:3 | Killed a caustic shrike
 37963 | Depths:3 | 37963 ||| INVOKING Finesse.
 37964 | Depths:3 | 37964 ||| RETREATING.
 37968 | Depths:3 | 37968 ||| Stepping ~*~*~tactically~*~*~ (retreating).
 37973 | Depths:3 | 37973 ||| Stepping ~*~*~tactically~*~*~ (retreating).
 37974 | Depths:3 | 37974 ||| Stepping ~*~*~tactically~*~*~ (retreating).
 37975 | Depths:3 | 37975 ||| Stepping ~*~*~tactically~*~*~ (retreating).
 37976 | Depths:3 | 37976 ||| Stepping ~*~*~tactically~*~*~ (retreating).
 37977 | Depths:3 | 37977 ||| Stepping ~*~*~tactically~*~*~ (retreating).
 38139 | Depths:3 | Reached skill level 26 in Fighting
 38186 | Depths:3 | 38186 ||| RETREATING.
 38191 | Depths:3 | 38191 ||| Stepping ~*~*~tactically~*~*~ (retreating).
 38192 | Depths:3 | 38192 ||| Stepping ~*~*~tactically~*~*~ (retreating).
 38193 | Depths:3 | 38193 ||| Stepping ~*~*~tactically~*~*~ (retreating).
 38223 | Depths:3 | Found Mosuru's Armour Emporium.
 38226 | Depths:3 | Found Zoth's Distillery.
 38226 | Depths:3 | Found Kaask's Magic Scroll Shoppe.
 38229 | Depths:3 | 38229 ||| RETREATING.
 38232 | Depths:3 | 38232 ||| Stepping ~*~*~tactically~*~*~ (outnumbered).
 38267 | Depths:3 | Found Veb Dedgh's Assorted Antiques.
 38269 | Depths:3 | 38269 ||| SHOPLISTING +2 ring mail of Tomorrow {Fly Will+
                  | Dex+3} (630 gold, have 486).
 38272 | Depths:3 | 38272 ||| BUYING potion of curing (45 gold).
 38272 | Depths:3 | Bought a potion of curing for 45 gold pieces
 38272 | Depths:3 | 38272 ||| BUYING potion of curing (45 gold).
 38272 | Depths:3 | Bought a potion of curing for 45 gold pieces
 38272 | Depths:3 | 38272 ||| BUYING potion of enlightenment (75 gold).
 38272 | Depths:3 | Bought a potion of enlightenment for 75 gold pieces
 38272 | Depths:3 | 38272 ||| BUYING potion of haste (150 gold).
 38272 | Depths:3 | Bought a potion of haste for 150 gold pieces
 38272 | Depths:3 | 38272 ||| BUYING potion of heal wounds (75 gold).
 38272 | Depths:3 | Bought a potion of heal wounds for 75 gold pieces
 38272 | Depths:3 | 38272 ||| BUYING potion of heal wounds (75 gold).
 38272 | Depths:3 | Bought a potion of heal wounds for 75 gold pieces
 38272 | Depths:3 | 38272 ||| SHOPLISTING potion of might (60 gold, have 21).
 38275 | Depths:3 | 38275 ||| SHOPLISTING potion of enlightenment (140 gold,
                  | have 21).
 38275 | Depths:3 | 38275 ||| SHOPLISTING scroll of enchant weapon (210 gold,
                  | have 21).
 38278 | Depths:3 | 38278 ||| SHOPLISTING scroll of enchant armour (105 gold,
                  | have 21).
 38278 | Depths:3 | 38278 ||| SHOPLISTING scroll of enchant weapon (105 gold,
                  | have 21).
 38278 | Depths:3 | 38278 ||| SHOPLISTING scroll of teleportation (42 gold,
                  | have 21).
 38307 | Depths:3 | 38307 ||| INVOKING Heroism.
 38308 | Depths:3 | 38308 ||| INVOKING Finesse.
 38332 | Depths:3 | 38332 ||| Stepping ~*~*~tactically~*~*~ (outnumbered).
 38414 | Depths:3 | 38414 ||| INVOKING Heroism.
 38420 | Depths:3 | 38420 ||| Stepping ~*~*~tactically~*~*~ (retreating).
 38421 | Depths:3 | 38421 ||| Stepping ~*~*~tactically~*~*~ (retreating).
 38422 | Depths:3 | 38422 ||| Stepping ~*~*~tactically~*~*~ (retreating).
 38423 | Depths:3 | 38423 ||| Stepping ~*~*~tactically~*~*~ (retreating).
 38497 | Depths:3 | 38497 ||| INVOKING Heroism.
 38498 | Depths:3 | 38498 ||| INVOKING Finesse.
 38510 | Depths:3 | 38510 ||| Stepping ~*~*~tactically~*~*~ (retreating).
 38511 | Depths:3 | 38511 ||| Stepping ~*~*~tactically~*~*~ (retreating).
 38512 | Depths:3 | 38512 ||| Stepping ~*~*~tactically~*~*~ (retreating).
 38513 | Depths:3 | 38513 ||| RETREATING.
 38517 | Depths:3 | 38517 ||| Stepping ~*~*~tactically~*~*~ (outnumbered).
 38552 | Depths:3 | 38552 ||| Stepping ~*~*~tactically~*~*~ (retreating).
 38553 | Depths:3 | 38553 ||| Stepping ~*~*~tactically~*~*~ (outnumbered).
 38554 | Depths:3 | 38554 ||| Stepping ~*~*~tactically~*~*~ (retreating).
 38555 | Depths:3 | 38555 ||| Stepping ~*~*~tactically~*~*~ (outnumbered).
 38556 | Depths:3 | 38556 ||| Stepping ~*~*~tactically~*~*~ (retreating).
 38557 | Depths:3 | 38557 ||| Stepping ~*~*~tactically~*~*~ (outnumbered).
 38558 | Depths:3 | 38558 ||| Stepping ~*~*~tactically~*~*~ (retreating).
 38559 | Depths:3 | 38559 ||| Stepping ~*~*~tactically~*~*~ (outnumbered).
 38560 | Depths:3 | 38560 ||| Stepping ~*~*~tactically~*~*~ (retreating).
 38561 | Depths:3 | 38561 ||| Stepping ~*~*~tactically~*~*~ (outnumbered).
 38562 | Depths:3 | 38562 ||| Stepping ~*~*~tactically~*~*~ (retreating).
 38563 | Depths:3 | 38563 ||| Stepping ~*~*~tactically~*~*~ (outnumbered).
 38564 | Depths:3 | 38564 ||| Stepping ~*~*~tactically~*~*~ (retreating).
 38565 | Depths:3 | 38565 ||| Stepping ~*~*~tactically~*~*~ (outnumbered).
 38566 | Depths:3 | 38566 ||| Stepping ~*~*~tactically~*~*~ (retreating).
 38585 | Depths:3 | 38585 ||| FLEEEEING.
 38586 | Depths:3 | 38586 ||| FLEEEEING.
 38587 | Depths:3 | 38587 ||| FLEEEEING.
 38588 | Depths:3 | 38588 ||| FLEEEEING.
 38589 | Depths:3 | 38589 ||| FLEEEEING.
 38590 | Depths:3 | 38590 ||| FLEEEEING.
 38591 | Depths:3 | 38591 ||| FLEEEEING.
 38592 | Depths:3 | 38592 ||| FLEEEEING.
 38593 | Depths:3 | 38593 ||| FLEEEEING.
 38594 | Depths:3 | 38594 ||| FLEEEEING.
 38595 | Depths:3 | 38595 ||| FLEEEEING.
 38596 | Depths:3 | 38596 ||| FLEEEEING.
 38597 | Depths:3 | 38597 ||| FLEEEEING.
 38598 | Depths:3 | 38598 ||| FLEEEEING.
 38599 | Depths:3 | 38599 ||| FLEEEEING.
 38600 | Depths:3 | 38600 ||| FLEEEEING.
 38601 | Depths:3 | 38601 ||| FLEEEEING.
 38602 | Depths:3 | 38602 ||| FLEEEEING.
 38603 | Depths:3 | 38603 ||| FLEEEEING.
 38830 | Depths:3 | 38830 ||| RETREATING.
 38838 | Depths:3 | 38838 ||| Stepping ~*~*~tactically~*~*~ (retreating).
 39140 | Depths:3 | 39140 ||| RETREATING.
 39148 | Depths:3 | 39148 ||| Stepping ~*~*~tactically~*~*~ (outnumbered).
 39154 | Depths:3 | 39154 ||| Stepping ~*~*~tactically~*~*~ (retreating).
 39155 | Depths:3 | 39155 ||| Stepping ~*~*~tactically~*~*~ (retreating).
 39156 | Depths:3 | 39156 ||| Stepping ~*~*~tactically~*~*~ (retreating).
 39161 | Depths:3 | 39161 ||| Stepping ~*~*~tactically~*~*~ (retreating).
 39162 | Depths:3 | 39162 ||| Stepping ~*~*~tactically~*~*~ (retreating).
 39163 | Depths:3 | 39163 ||| Stepping ~*~*~tactically~*~*~ (retreating).
 39165 | Depths:3 | 39165 ||| Stepping ~*~*~tactically~*~*~ (retreating).
 39166 | Depths:3 | 39166 ||| Stepping ~*~*~tactically~*~*~ (retreating).
 39167 | Depths:3 | 39167 ||| Stepping ~*~*~tactically~*~*~ (retreating).
 39168 | Depths:3 | 39168 ||| Stepping ~*~*~tactically~*~*~ (retreating).
 39169 | Depths:3 | 39169 ||| Stepping ~*~*~tactically~*~*~ (retreating).
 39170 | Depths:3 | 39170 ||| Stepping ~*~*~tactically~*~*~ (retreating).
 39171 | Depths:3 | 39171 ||| Stepping ~*~*~tactically~*~*~ (retreating).
 39172 | Depths:3 | 39172 ||| Stepping ~*~*~tactically~*~*~ (retreating).
 39173 | Depths:3 | 39173 ||| INVOKING Heroism.
 39174 | Depths:3 | 39174 ||| Stepping ~*~*~tactically~*~*~ (retreating).
 39175 | Depths:3 | 39175 ||| Stepping ~*~*~tactically~*~*~ (retreating).
 39176 | Depths:3 | 39176 ||| Stepping ~*~*~tactically~*~*~ (retreating).
 39177 | Depths:3 | 39177 ||| Stepping ~*~*~tactically~*~*~ (retreating).
 39178 | Depths:3 | 39178 ||| Stepping ~*~*~tactically~*~*~ (retreating).
 39185 | Depths:3 | 39185 ||| Stepping ~*~*~tactically~*~*~ (retreating).
 39186 | Depths:3 | 39186 ||| Stepping ~*~*~tactically~*~*~ (retreating).
 39187 | Depths:3 | 39187 ||| Stepping ~*~*~tactically~*~*~ (retreating).
 39187 | Depths:3 | HP: 35/166 [deep troll earth mage/Lee's Rapid
                  | Deconstruction (11)]
 39187 | Depths:3 | HP: 15/166 [deep troll earth mage/Lee's Rapid
                  | Deconstruction (20)]
 39188 | Depths:3 | 39188 ||| READING 12 scrolls of teleportation.
 39189 | Depths:3 | 39189 ||| DRINKING 7 potions of heal wounds.
 39190 | Depths:3 | 39190 ||| DRINKING 6 potions of heal wounds.
 39190 | Depths:3 | HP: 5/166 [living spell/crystal spear[a walking crystal
                  | tome] (51)]
 39191 | Depths:3 | 39191 ||| DRINKING 5 potions of heal wounds.
 39191 | Depths:3 | Killed from afar by a living spell

Levels and vault maps discovered:
D:1:      spicycebolla_green_bress_n_ham, layout_loops_corners
D:2:      layout_basic
D:3:      layout_basic
D:4:      minmay_skewed_foursquare, layout_basic,
          nicolae_overflow_two_pavilions, nicolae_kite_square_tiling_tiny,
          uniq_robin, uniq_natasha, uniq_duvessa
D:5:      layout_rooms, grunt_dithmenos_smoke, xom_teletrap_fun,
          ashenzari_conservatory_becter, serial_bayou, serial_bayou_ford_a,
          serial_bayou_lake_a, serial_bayou_pond_d, serial_bayou_crossing,
          kennysheep_another_room, uniq_eustachio, uniq_sigmund, uniq_pikel
D:6:      layout_gridville, mainiacjoe_overflow_surrounded_room
D:7:      layout_basic, mainiacjoe_overflow_small_starburst,
          minmay_temple_entry_proselytizer, dk_vineyard_1
D:8:      nicolae_cairo_tiling_large_dashed, layout_cave_pods,
          nicolae_overflow_crystal_walls
D:9:      layout_stronghold, overflow_temple_1_default, david_orc_2
D:10:     layout_loops_ring, minmay_lair_entry_grove, uniq_josephine,
          uniq_fannar, uniq_joseph
D:11:     layout_basic, elyvilon_altar_5
D:12:     layout_irregular_city, minmay_diced_spiral
D:13:     minmay_wizard_corner, layout_irregular_city, serial_glass,
          glass_columns_c, glass_columns_a
D:14:     layout_roguey, david_vaults_5, serial_shops,
          nicolae_shop_hallway_plus, solitary_fountain
D:15:     grunt_enter_depths_snipers, layout_stronghold,
          nicolae_cairo_tiling_large
Temple:   compressed_dpeg_triangle_lava_temple
Lair:1:   layout_misc_corridors, portal_ice_cave_entry_pillars_2,
          infiniplex_staircase_pool_2
Lair:2:   layout_concentric_octagons, dummy_spider_entry,
          gauntlet_entry_generic, pdpol_lair_cavern_descent, uniq_erica
Lair:3:   layout_chaotic_city, nicolae_shoals_entry_roost, uniq_amaemon
Lair:4:   layout_layer_cave, slime_entry_2, grunt_megastairs_2,
          infiniplex_staircase_pool
Lair:5:   gammafunk_lair_ancient_temple, layout_regular_city, basic_altar
Shoals:1: nicolae_shoals_island_circles, layout_shoals,
          nicolae_shoals_spring_well_temple
Shoals:2: layout_shoals
Shoals:3: layout_shoals, serial_shops, shop, uniq_aizul, uniq_polyphemus,
          uniq_ilsuiw, uniq_jorgrun
Shoals:4: shoals_end_grunt_ice, layout_shoals, shoals_ilsuiw_ice,
          nicolae_shop_gadgets
Spider:1: layout_spider_delve, nicolae_spider_orb_run
Spider:2: layout_spider_delve, uniq_azrael
Spider:3: layout_spider_delve, drop_trap, nicolae_spider_checkerboard,
          uniq_kirke, uniq_mara
Spider:4: grunt_spider_rune_circles, uniq_arachne
Orc:1:    layout_caves
Orc:2:    grunt_orc_cross, layout_caves, serial_shops,
          nicolae_shop_tiny_real_fake_doors
Vaults:1: vaults_mumra_minichess_inversion, vaults_room_fancy_cross,
          nicolae_vaults_two_Ls, vaults_dpeg_diagonal,
          nicolae_vaults_apartment_2, nicolae_vaults_closet_pinwheel_4,
          hangedman_vaults_capsules, nicolae_vaults_sealed_display,
          nicolae_vaults_angled_halls, nicolae_vaults_taking_the_gang_shopping,
          layout_vaults_omnicross
Vaults:2: v_pattern_5, nicolae_vaults_frosty_reception, v_misc_8,
          nicolae_vaults_specimen_jars, hangedman_vaults_stagger, v_misc_3,
          hangedman_vaults_corner, nicolae_vaults_closet_pinwheel_5,
          nicolae_vaults_rhombus_5, ontoclasm_vaults_misaligned,
          nicolae_vaults_tetromino_L_2, hangedman_vaults_hard_town_square,
          nicolae_vaults_layer_cake_slice, layout_vaults_maze_bifur
Vaults:3: minmay_crypt_entry_skeletal_spiral, vaults_room_stairs_pillars,
          vaults_room_pools, nicolae_vaults_trapezoid_lopsided_2, st_more_cells,
          nicolae_vaults_closet_pinwheel_6, hangedman_vaults_snaps,
          nicolae_vaults_rhombus_5, nicolae_vaults_tetromino_Z_2,
          layout_vaults_omnigrid
Vaults:4: ebering_ghost_gozag, vaults_room_grid, vaults_room_boxed,
          nicolae_vaults_asterisk, nicolae_vaults_offset_grid_hallway_1,
          hangedman_vaults_cutoff, ontoclasm_vaults_pinch, v_misc_24,
          hangedman_vaults_cutoff, vaults_room_fours, vaults_mumra_lcd,
          hangedman_vaults_nails, nicolae_vaults_diamond_2,
          nicolae_vaults_tetromino_Z_1, layout_vaults_omnibox
Depths:1: layout_cave_shapes, hellmouth_1, abyss_entry,
          nicolae_ru_great_annihilating_truth, serial_bayou_shore_a,
          nicolae_integral_box
Depths:2: minmay_cut_squares, layout_gridlike, enter_ziggurat_d,
          minmay_room_of_horrors, hell_entry, rand_demon_pan_entry_4,
          chequers_serial_rivers_micro_d
Depths:3: minmay_outward_triangles, layout_gridlike, abyss_entry, hell_entry,
          minmay_shoptagon, minmay_staircase_statues_hall_small,
          grunt_megastairs_4

Skill      XL: |  1  2  3  4  5  6  7  8  9 10 11 12 13 14 15 16 17 18 19 20 21 22 |
---------------+-------------------------------------------------------------------+-----
Armour         | 1 2 3 4 5 6 7 9 10 11 | 11.0
Ranged Weapons | 5 6 7 8 10 11 13 14 15 17 19 20 | 20.0
Fighting       | 3 4 5 6 7 8 10 11 13 14 17 19 21 22 24 25 26 | 26.0
Dodging        | 2 4 5 6 7 8 9 11 12 13 15 16 18 19 | 19.0
Invocations    | 4 6 10 | 10.0
Stealth        | |  1.1

Action                     |  1- 3 |  4- 6 |  7- 9 | 10-12 | 13-15 | 16-18 | 19-21 | 22-24 || total
---------------------------+-------+-------+-------+-------+-------+-------+-------+-------++-------
   Fire: Shortbow          |   121 |       |       |       |       |       |       |       ||   121
         Longbow           |    20 |    40 |   179 |   569 |  1064 |  1862 |  2282 |   511 ||  6527
 Invoke: Heroism           |       |       |       |    10 |    20 |    31 |    14 |     7 ||    82
         Finesse           |       |       |       |     1 |     2 |    12 |    12 |     6 ||    33
    Use: Scroll            |     6 |     4 |     4 |     8 |     5 |     3 |     2 |     1 ||    33
         Potion            |     1 |       |     1 |     3 |       |     1 |       |     3 ||     9
 Armour: Leather armour    |    12 |       |       |       |       |       |       |       ||    12
         Ring mail         |    26 |     3 |    22 |       |       |       |       |       ||    51
         Steam dragon scal |       |       |     1 |    34 |       |       |       |       ||    35
         Robe              |       |       |       |    17 |   132 |   198 |   300 |    69 ||   716
  Dodge: Dodged            |    38 |     6 |    36 |    87 |   244 |   471 |   706 |   152 ||  1740
  Block: Other             |       |       |       |       |       |       |    32 |    31 ||    63
         Reflection        |       |       |       |       |       |       |       |     1 ||     1

Table legend:
 A = Non-vault XP
 B = Vault XP
 C = Vault XP percentage of total XP
 D = Non-vault monster count
 E = Vault monster count
 F = Vault count percentage of total count
                 A         B        C        D         E       F
            +---------+---------+-------+---------+---------+-------
      Total |  449161 |  225656 |  33.4 |    1062 |     406 |  27.7
            +---------+---------+-------+---------+---------+-------
        D:1 |      33 |       0 |   0.0 |      22 |       0 |   0.0
        D:2 |      34 |       0 |   0.0 |      18 |       0 |   0.0
        D:3 |      24 |       0 |   0.0 |      12 |       0 |   0.0
        D:4 |     494 |     362 |  42.3 |      19 |      18 |  48.6
        D:5 |    1069 |    1071 |  50.0 |      17 |       3 |  15.0
        D:6 |    1237 |       0 |   0.0 |      16 |       0 |   0.0
        D:7 |    1104 |      43 |   3.7 |      17 |       1 |   5.6
        D:8 |     840 |       0 |   0.0 |      18 |       0 |   0.0
        D:9 |    4854 |     268 |   5.2 |      36 |       8 |  18.2
       D:10 |    4100 |    4428 |  51.9 |      26 |      18 |  40.9
       D:11 |    5655 |       0 |   0.0 |      12 |       0 |   0.0
       D:12 |    6054 |    2000 |  24.8 |      19 |       3 |  13.6
       D:13 |    7530 |    4549 |  37.7 |      25 |       7 |  21.9
       D:14 |   14175 |    2155 |  13.2 |      26 |       4 |  13.3
       D:15 |   17124 |    2930 |  14.6 |      37 |       3 |   7.5
     Lair:1 |    4201 |       0 |   0.0 |      18 |       0 |   0.0
     Lair:2 |   10244 |    2760 |  21.2 |      35 |       7 |  16.7
     Lair:3 |    6867 |    4135 |  37.6 |      26 |       6 |  18.8
     Lair:4 |    6433 |       0 |   0.0 |      21 |       0 |   0.0
     Lair:5 |    9018 |    6455 |  41.7 |      28 |      17 |  37.8
   Shoals:1 |   17174 |    1482 |   7.9 |      35 |       2 |   5.4
   Shoals:2 |   11276 |       0 |   0.0 |      20 |       0 |   0.0
   Shoals:3 |   13330 |   10740 |  44.6 |      30 |      11 |  26.8
   Shoals:4 |   15265 |   23729 |  60.9 |      33 |      35 |  51.5
   Spider:1 |   14872 |    3759 |  20.2 |      33 |       8 |  19.5
   Spider:2 |   20765 |    2274 |   9.9 |      57 |       9 |  13.6
   Spider:3 |   21585 |    8252 |  27.7 |      47 |       5 |   9.6
   Spider:4 |   11468 |   18820 |  62.1 |      23 |      35 |  60.3
      Orc:1 |    2382 |       0 |   0.0 |      20 |       0 |   0.0
      Orc:2 |    2397 |    8927 |  78.8 |      35 |      34 |  49.3
   Vaults:1 |   31329 |   18037 |  36.5 |      43 |      25 |  36.8
   Vaults:2 |   31620 |   29670 |  48.4 |      51 |      37 |  42.0
   Vaults:3 |   20911 |   23722 |  53.1 |      33 |      37 |  52.9
   Vaults:4 |   17638 |   15283 |  46.4 |      24 |      22 |  47.8
   Depths:1 |   34551 |    3160 |   8.4 |      45 |       8 |  15.1
   Depths:2 |   24104 |   14347 |  37.3 |      28 |      24 |  46.2
   Depths:3 |   57404 |   10143 |  15.0 |      57 |      10 |  14.9
   Gauntlet |       0 |    2155 | 100.0 |       0 |       9 | 100.0
            +---------+---------+-------+---------+---------+-------
